Cogmind - Beta 15 @@@ ROGUE MODE // 2025.06.21 @ 13:44:16 Player: LightKnight Result: Destroyed by G-73 Enforcer with Heavy Laser Performance ------------- Evolutions (8) 4000 Regions Visited (30) 6000 Robots Destroyed (487) 2435 Value Destroyed (26454) 26454 Prototype IDs (82) 1640 Alien Tech Used (14) 2800 Bonus (22302) 22302 TOTAL SCORE: 65631 Bonus ------- Triggered Max Security 1000 High Alert Combat Kills 3813 Follower Combat Kills 2104 Awakened Behemoth Slayer 1000 Network Hubs Disabled 200 Met Data Miner 300 Met Warlord at Base 500 MAIN.C Attacked Warlord 500 Warlord Defense Kills 1916 Met R17 at Cetus 500 Used Core Reset Matrix 3000 Met R17 at Research 2000 Scanned by Researcher 1000 Met Sigix 2000 Activated Exoskeleton 3000 Friendly Fire -531 Cogmind --------- Core Integrity 0/1450 Matter 65/300 Energy 350/350 System Corruption 0% +Membrane Temperature Cool (18) Movement Walking (100) Location -2/Section 7 Parts ------- > --- POWER (3) -------- (None) > --- PROPULSION (5) --- Enhanced Biometal Leg Enhanced Biometal Leg Enhanced Biometal Leg Enhanced Biometal Leg > --- UTILITY (12) ----- Experimental Heat Sink Experimental Optical Array Experimental Optical Array Experimental Core Analyzer Experimental Core Analyzer Experimental Core Analyzer Improved Armor Integrity Analyzer Advanced Kinecellerator Centrium Light Armor Plating > --- WEAPON (4) ------- Helical Railgun Helical Railgun > --- INVENTORY (5) ---- Enhanced Armored Heavy Treads Peak State ------------ > --- POWER ------------ Quantum Reactor Quantum Reactor Reinforced Quantum Reactor > --- PROPULSION ------- Biometal Medium Treads Centrium Heavy Treads Advanced Heavy Siege Treads > --- UTILITY ---------- Experimental Power Amplifier 2N-1CE's Frost Array High-capacity Storage Unit Long-range Sensor Array Advanced Signal Interpreter Experimental Core Analyzer Experimental Armor Integrity Analyzer Advanced Particle Charger Advanced Weapon Cycler Phase Armor System Mapper > --- WEAPON ----------- Precision Phase Gun Heavy Quantum Rifle Null Cannon Null Cannon > --- INVENTORY -------- Particle Reactor Heavy Treads Advanced Energy Well Thermal Barrier Dimensional Node Initializer Transdimensional Reconstructor Transdimensional Reconstructor Transdimensional Reconstructor High-powered Transdimensional Reconstructor Spacefold Activator Vortex Cannon Vortex Cannon Enhanced Nova Cannon Cooled Nova Cannon Gamma Bomb Array Vortex Catalyst Activator Sigix Containment Pod [Rating: 244] Favorites ----------- Power Quantum Reactor Engine Improved Deuterium Engine Power Core Neutrino Core Reactor Quantum Reactor Propulsion Centrium Heavy Treads Treads Centrium Heavy Treads Leg Carbon-fiber Leg Utility High-capacity Storage Unit Device Improved Cooling System Storage High-capacity Storage Unit Processor Launcher Guidance Computer Hackware Improved Hacking Suite Protection Centrium Medium Armor Plating Artifact Phase Armor Weapon Improved Heavy Laser Energy Gun Improved Heavy Laser Energy Cannon Plasma Cannon Ballistic Gun Heavy Assault Rifle Ballistic Cannon Antimatter Cannon Launcher Heavy Proton Missile Launcher Special Weapon Improved Plasma Cutter Slashing Weapon Makeshift Sword Piercing Weapon CR-A16's Behemoth Slayer Special Melee Weapon Datajack Build | -11 -10 -10 -10 -9 -8 -7 -7 -7 -7 -6 -6 -6 -6 -6 -5 -5 -5 -5 -5 -5 -4 -4 -4 -4 -3 -3 -3 -2 -2 -2 ------- Run | Yrd Mat Min Exi Min Mat Fac Low Low Zio Pro Fac Low Low Dat Pro Fac Ext Cet Arc Hub Fac Upp Upp War Pro Res Tes Res Qua Sec Slots Evolved 16 | . . . . . 4 2 . . . . 2 . . . . 2 . . . . 2 . . . . 2 . 2 . . Power 2 | . . . . . . . . . . . 1 . . . . . . . . . . . . . . 1 . . . . Propulsion 3 | . . . . . 1 . . . . . . . . . . 1 . . . . . . . . . . . 1 . . Utility 9 | . . . . . 2 2 . . . . 1 . . . . . . . . . 2 . . . . 1 . 1 . . Weapon 2 | . . . . . 1 . . . . . . . . . . 1 . . . . . . . . . . . . . . Parts Attached 268 | . 12 3 1 . 26 22 6 2 . 2 13 5 5 . 9 11 27 9 2 1 13 2 3 5 1 7 13 15 8 45 Power 31 | . 2 1 . . 3 1 . . . 1 3 1 1 . 1 . 3 2 1 . 1 1 . 1 . 1 1 3 . 3 Engine 9 | . 2 . . . 2 1 . . . 1 1 . . . 1 . . . . . 1 . . . . . . . . . Core 8 | . . 1 . . 1 . . . . . 2 1 1 . . . 2 . . . . . . . . . . . . . Reactor 14 | . . . . . . . . . . . . . . . . . 1 2 1 . . 1 . 1 . 1 1 3 . 3 Propulsion 56 | . 3 . . . 7 5 . . . . 3 1 . . 3 3 11 2 . . 1 . . . . 1 1 3 . 12 Treads 47 | . 3 . . . 7 5 . . . . 3 1 . . 3 3 6 2 . . 1 . . . . 1 1 3 . 8 Leg 9 | . . . . . . . . . . . . . . . . . 5 . . . . . . . . . . . . 4 Wheel . | . . . . . . . . . . . . . . . . . . . . . . . . . . . . . . . Hover . | . . . . . . . . . . . . . . . . . . . . . . . . . . . . . . . Flight . | . . . . . . . . . . . . . . . . . . . . . . . . . . . . . . . Utility 112 | . 3 1 . . 9 10 4 . . . 5 2 3 . 1 2 10 2 1 . 8 1 3 3 1 4 4 8 3 24 Device 57 | . 1 1 . . 6 5 1 . . . 2 1 1 . 1 . 6 . . . 6 . 2 2 1 3 3 6 . 9 Storage 4 | . 1 . . . 1 1 . . . . . . 1 . . . . . . . . . . . . . . . . . Processor 26 | . 1 . . . . 3 2 . . . 2 1 1 . . . 2 . . . . 1 . 1 . . 1 1 1 9 Hackware 3 | . . . . . . . . . . . 1 . . . . 1 . . . . . . . . . 1 . . . . Protection 20 | . . . . . 2 1 1 . . . . . . . . 1 2 2 1 . 2 . 1 . . . . 1 1 5 Artifact 2 | . . . . . . . . . . . . . . . . . . . . . . . . . . . . . 1 1 Weapon 69 | . 4 1 1 . 7 6 2 2 . 1 2 1 1 . 4 6 3 3 . 1 3 . . 1 . 1 7 1 5 6 Energy Gun 11 | . . . . . . 1 1 . . . . . 1 . 1 1 . 1 . . 1 . . . . . 3 . . 1 Energy Cannon 28 | . . . . . 7 2 . . . 1 2 1 . . . 2 3 . . . 2 . . . . 1 2 . 4 1 Ballistic Gun 12 | . 4 . . . . . . . . . . . . . 1 2 . 2 . . . . . . . . 1 . . 2 Ballistic Cannon 1 | . . . . . . 1 . . . . . . . . . . . . . . . . . . . . . . . . Launcher 12 | . . 1 . . . 2 1 1 . . . . . . 1 . . . . . . . . 1 . . 1 1 1 2 Special Weapon 1 | . . . . . . . . . . . . . . . . . . . . 1 . . . . . . . . . . Impact Weapon . | . . . . . . . . . . . . . . . . . . . . . . . . . . . . . . . Slashing Weapon 1 | . . . . . . . . 1 . . . . . . . . . . . . . . . . . . . . . . Piercing Weapon 2 | . . . . . . . . . . . . . . . 1 1 . . . . . . . . . . . . . . Special Melee Weapon 1 | . . . 1 . . . . . . . . . . . . . . . . . . . . . . . . . . . Unidentified Prototypes 54 | . . . . . 1 7 . 1 . . 1 1 . . . . 1 4 . . . . . 4 . 2 9 3 4 16 Parts Lost 91 | . 3 1 . . . 4 . . . . 12 1 . . 7 12 5 . 1 2 9 . 1 2 3 . 3 1 . 24 Power 14 | . 1 . . . . . . . . . 4 . . . 1 . 1 . . 1 2 . 1 . . . . . . 3 Propulsion 15 | . 1 . . . . 1 . . . . 2 . . . 2 1 2 . . . 1 . . . . . 1 . . 4 Utility 35 | . . 1 . . . 1 . . . . 3 . . . 1 7 2 . 1 1 4 . . . 3 . 2 . . 9 Weapon 27 | . 1 . . . . 2 . . . . 3 1 . . 3 4 . . . . 2 . . 2 . . . 1 . 8 Highest Loss Streak 6 | . 1 1 . . . 2 . . . . 5 1 . . 5 6 2 . 1 2 3 . 1 1 2 . 2 1 . 4 To Critical Strikes 1 | . . . . . . . . . . . . . . . . . . . . . . . . . . . 1 . . . Average Backups 15 | . 11 13 14 14 14 14 15 16 17 18 17 11 15 17 15 11 16 17 17 18 15 13 14 15 13 14 17 16 15 10 Power 1 | . . 1 2 3 2 1 1 1 1 1 . . 1 2 2 2 2 2 2 2 . . . . 2 1 2 1 1 . Propulsion 2 | . 2 1 2 2 1 3 3 4 4 4 4 2 3 3 2 . 4 1 1 3 2 2 2 2 2 1 1 1 1 1 Utility 3 | . 3 4 3 4 5 5 5 4 4 5 5 3 4 4 4 3 3 4 4 4 2 1 2 3 2 2 2 2 3 2 Weapon 7 | . 4 5 5 5 5 4 6 6 8 8 6 5 7 8 7 4 6 8 8 8 9 8 9 9 7 8 11 11 8 3 Tool/Special . | . . . . . . . . . . . . . . . . . . . . . . . . . . . . . . . Unused Backups 56 | . 4 1 1 . 9 8 . 1 . . 3 . 1 . . . 1 4 1 . 2 . . 2 . 1 2 1 5 9 Power 8 | . . . . . 1 2 . . . . . . 1 . . . . 1 . . . . . . . . 1 1 . 1 Propulsion 18 | . 2 . . . 1 . . . . . 2 . . . . . 1 2 . . 2 . . . . . . . . 8 Utility 11 | . . 1 1 . 3 2 . . . . 1 . . . . . . . 1 . . . . . . . . . 2 . Weapon 19 | . 2 . . . 4 4 . 1 . . . . . . . . . 1 . . . . . 2 . 1 1 . 3 . Tool/Special . | . . . . . . . . . . . . . . . . . . . . . . . . . . . . . . . Average Slot Usage (%) 89 | . 97 100 99 100 98 98 91 91 89 92 92 91 93 93 92 77 90 89 86 82 79 82 84 83 78 85 83 85 84 69 Engine 4 | . 14 11 . . 4 7 7 7 7 7 10 . . . 1 5 5 2 . . . . 1 3 . 1 . . . . Core 2 | . . 2 14 14 4 . . . . . 1 12 12 12 10 . 3 . . . 1 5 5 3 . . . . . . Reactor 2 | . . . . . . . . . . . . . . . . . 1 8 11 11 8 4 3 1 5 7 9 8 12 10 Treads 15 | . 24 28 28 28 26 22 15 15 15 15 12 12 12 12 12 14 15 12 11 11 9 10 10 10 10 9 9 11 12 9 Device 16 | . 10 14 14 14 17 15 14 14 15 15 7 13 12 12 10 5 13 16 16 16 24 23 23 25 23 26 26 25 20 14 Storage 6 | . 15 14 14 14 9 7 7 7 7 7 6 6 6 6 6 5 5 5 5 5 5 8 5 5 5 4 4 4 4 3 Processor 14 | . . . . . . 14 22 23 23 23 25 19 24 25 25 17 10 11 11 11 6 6 10 11 15 13 13 10 12 9 Hackware 2 | . . . . . . . . . . . 4 6 6 6 6 5 . . . . . . . . . 3 4 4 4 3 Protection 2 | . . . . . 8 6 . . . . . . . . . 1 5 10 9 4 8 5 5 3 . . . 2 . 3 Energy Gun 5 | . 2 . . . . . 14 9 7 12 10 . 6 6 6 5 2 2 5 5 5 5 5 5 5 4 5 8 6 . Energy Cannon 7 | . . . . . 26 22 . . . . 2 12 12 12 8 1 11 8 5 5 9 9 10 9 9 8 5 7 7 5 Ballistic Gun 3 | . 25 27 19 28 . . . . . . . . . . 1 10 6 9 11 8 1 . . . . . 3 . . . Ballistic Cannon 1 | . . . . . . . 7 7 4 7 5 . . . . . . . . . . . . . . . . . . . Launcher 1 | . . . . . . . . 4 7 2 . 5 . . 1 1 . . . . . 5 5 5 5 4 . . . 2 Peak Build Rating 244 | . 12 14 14 15 35 73 78 74 75 76 88 82 82 80 80 75 90 140 141 129 162 142 141 153 151 181 192 230 242 244 Average Rating 102 | . 9 12 13 14 32 45 72 73 72 75 85 75 78 80 77 64 77 128 137 127 150 137 132 130 141 170 182 216 232 182 On Entrance 92 | 6 6 12 14 14 15 32 73 73 74 75 76 57 82 80 80 74 53 90 140 129 113 120 134 124 150 142 181 191 228 242 Naked Turns 60 | . . . . . . . . . . . . . . . . . . . . . . . . . . . . . . 60 Heaviest Build 209 | 12 33 33 33 33 88 83 81 77 75 78 89 84 84 84 90 90 118 129 126 124 144 121 118 129 130 155 156 167 209 205 Greatest Support 198 | 20 40 40 40 40 60 103 103 103 103 103 105 105 105 105 105 106 106 160 160 160 160 150 150 150 150 160 160 195 195 198 Greatest Overweight (x) 6 | . 1 . . . 1 1 . . . . . . . . 1 1 6 1 . . 1 . . . . 1 1 . 1 2 Average Overweight (x) . | . . . . . . . . . . . . . . . . . . . . . . . . . . . . . . . Largest Inventory Capacity 20 | . 15 15 15 15 20 20 20 20 20 20 20 20 20 20 20 20 20 20 20 20 20 20 20 20 20 20 20 20 20 20 Average Capacity 18 | . 14 15 15 15 15 15 20 20 20 20 20 20 20 20 20 20 20 20 20 20 20 20 20 20 20 20 20 20 20 18 Most Carried 20 | . 15 15 15 15 16 20 19 19 20 20 20 15 19 18 18 15 20 20 20 20 20 18 19 20 19 20 20 20 20 20 Average Carried 17 | . 11 14 14 14 14 15 17 18 19 19 19 12 16 18 16 12 17 19 19 20 19 15 17 19 16 16 19 19 19 14 Final Capacity 20 | 8 15 15 15 15 15 20 20 20 20 20 20 20 20 20 20 20 20 20 20 20 20 20 20 20 20 20 20 20 20 5 Final Carried 20 | 6 14 15 14 15 14 19 18 18 20 20 16 14 18 18 12 15 20 20 20 20 17 18 18 18 16 20 20 20 19 2 Class Distribution -------------------- 31% | Skirmisher 15% | Scavenger-Gunner 10% | Mutant 8% | Scavenger-Tank 6% | Tank 6% | Gunner 5% | Hacker-Gunner 5% | Hacker-Tank 4% | Alien-Gunner Dominant Class ---------------- Mutant | -10/Materials Mutant | -10/Mines Mutant | -10/Exiles Mutant | -9/Mines Tank | -8/Materials Gunner | -7/Factory Skirmisher | -7/Lower Caves Skirmisher | -7/Lower Caves Skirmisher | -7/Zion Skirmisher | -6/Proximity Caves Skirmisher | -6/Factory Skirmisher | -6/Lower Caves Skirmisher | -6/Lower Caves Skirmisher | -6/Data Miner Skirmisher | -5/Proximity Caves Scavenger-Gunner | -5/Factory Scavenger-Gunner | -5/Extension Scavenger-Tank | -5/Cetus Scavenger-Tank | -5/Archives Scavenger-Tank | -5/Hub_04(d) Scavenger-Tank | -4/Factory Scavenger-Tank | -4/Upper Caves Scavenger-Gunner | -4/Upper Caves Scavenger-Gunner | -4/Warlord Scavenger-Gunner | -3/Proximity Caves Scavenger-Gunner | -3/Research Hacker-Gunner | -3/Testing Hacker-Tank | -2/Research Alien-Gunner | -2/Quarantine Alien-Tank | -2/Section 7 Resources | -11 -10 -10 -10 -9 -8 -7 -7 -7 -7 -6 -6 -6 -6 -6 -5 -5 -5 -5 -5 -5 -4 -4 -4 -4 -3 -3 -3 -2 -2 -2 ----------- Run | Yrd Mat Min Exi Min Mat Fac Low Low Zio Pro Fac Low Low Dat Pro Fac Ext Cet Arc Hub Fac Upp Upp War Pro Res Tes Res Qua Sec Matter Collected 9181 | 200 394 215 . 70 320 243 390 204 30 132 991 629 93 . 225 182 929 247 135 . 307 81 150 433 141 90 403 474 294 1179 Remotely . | . . . . . . . . . . . . . . . . . . . . . . . . . . . . . . . Salvage Created 23344 | . 606 146 . 89 1810 1347 387 300 . 308 1960 200 817 . 577 831 1367 654 271 . 2323 297 471 747 383 151 1848 442 618 4394 Parts 964 | . 34 9 . 10 96 46 16 10 . 11 93 13 22 . 40 40 49 30 10 . 89 11 17 16 7 8 77 16 28 166 Haulers Intercepted 9 | . 1 . . . 3 1 . . . . . . . . . . . . . . 1 . . . . . . 1 1 1 Recyclers Shooed 5 | . . . . . . . . . . . 1 . . . . . 3 . . . 1 . . . . . . . . . Parts Field Recycled . | . . . . . . . . . . . . . . . . . . . . . . . . . . . . . . . Retrieved Matter . | . . . . . . . . . . . . . . . . . . . . . . . . . . . . . . . Parts Self-Destructed 91 | . . . . . . . 7 10 1 11 . 11 1 . 32 . . . . . . 6 8 . 4 . . . . . Prevented 28 | . . . . . . . 1 5 . 1 . 1 1 . . . . . . . . 7 12 . . . . . . . Kills | -11 -10 -10 -10 -9 -8 -7 -7 -7 -7 -6 -6 -6 -6 -6 -5 -5 -5 -5 -5 -5 -4 -4 -4 -4 -3 -3 -3 -2 -2 -2 ------- Run | Yrd Mat Min Exi Min Mat Fac Low Low Zio Pro Fac Low Low Dat Pro Fac Ext Cet Arc Hub Fac Upp Upp War Pro Res Tes Res Qua Sec Combat Hostiles Destroyed 413 | . 12 6 . 4 33 20 13 5 . 9 39 4 2 . 18 15 18 8 3 . 32 5 10 13 10 2 31 15 18 68 Guns 88 | . 12 4 . 4 . 1 3 1 . 5 11 . . . 1 11 2 3 2 . 4 . . . 2 . 14 3 1 4 Cannons 175 | . . . . . 29 16 1 1 . 1 19 1 1 . 6 . 14 5 1 . 12 3 6 . 1 2 15 5 8 28 AOE 98 | . . 2 . . 2 . 9 2 . 3 6 2 . . 10 4 . . . . 5 . 3 10 6 . . 7 8 19 Classes Destroyed 26 | . 6 1 . 2 1 1 1 . . 1 1 1 . . 2 . . . . . . . . 2 1 . 1 1 2 2 Worker 9 | . . . . . . . . . . . 3 . . . . . . . . . 1 . . . . 1 2 . 1 1 Builder 13 | . . 1 . . 2 . . . . . 3 . . . . 1 . . . . 1 . . . . . 2 . . 3 Tunneler 2 | . . . . 1 . . . . . . . . . . . 1 . . . . . . . . . . . . . . Hauler 9 | . 1 . . . 3 1 . . . . . . . . . . . . . . 1 . . . . . . 1 1 1 Recycler 8 | . 1 . . . 1 2 . . . . . . . . . 2 . . . . . . . . . . 1 . . 1 Mechanic 2 | . . . . . . . . . . . . . . . . . . . . . . . . . . . . . . 2 Operator 4 | . 1 . . . . . . . . . . . . . . . . . . . . . . . . . 1 1 . 1 Drone 2 | . . . . . . . . . . . . . . . 2 . . . . . . . . . . . . . . . Watcher 17 | . 3 . . . 1 2 . . . . 1 . . . . . 1 2 . . 3 . . . . . . 1 1 2 Swarmer 86 | . 4 3 . 3 6 . 5 . . 6 7 3 . . 13 2 1 . . . 4 2 4 1 1 . . 8 4 9 Cutter 3 | . . . . . . . . . . . . . . . . . . . . . . . . . . . . . . 3 Saboteur 3 | . . . . . . . . . . . . . . . . . . . . . . . . . 1 . . . . 2 Grunt 140 | . 8 3 . . 19 9 4 5 . 2 15 1 1 . . 7 5 . . . 9 2 6 7 1 2 14 . . 20 Brawler 11 | . . . . . . . 1 . . . . . . . . . . . . . . . . . 4 . . . . 6 Duelist 13 | . . . . 1 1 . 1 . . . 2 . . . . . . . . . 2 . . . 2 . . . . 4 Protector 2 | . . . . . . . . . . . . . . . . . . . . . . . . . . . . . 1 1 Researcher 6 | . . . . . . . . . . . . 1 . . . . . . . . . . . . . . 1 . 2 2 Sentry 52 | . . . . . 8 5 1 . . . 5 . . . 1 2 8 . 3 . 5 1 . . 1 . 6 1 . 5 Specialist 1 | . . . . . . . . . . . . . . . . . . . . . . . . 1 . . . . . . Hunter 34 | . . . . . . . . . . 1 4 . . . . 2 1 . . . 4 . . 1 . . 4 2 4 11 Programmer 36 | . . . . . . 6 1 . . . 6 . 1 . 1 2 2 . . . 7 . . . . . 6 . 2 2 Q-Series 6 | . . . . . . . . . . . . . . . . . . . . . . . . . . . 1 . 3 2 Behemoth 4 | . . . . . . . . . . . . . . . 1 . . . . . 1 . . 2 . . . . . . Cetus Guard 8 | . . . . . . . . . . . . . . . . . . 8 . . . . . . . . . . . . S7 Guard 2 | . . . . . . . . . . . . . . . . . . . . . . . . . . . . . . 2 Lightning 3 | . . . . . . . . . . . . . . . . . . . . . . . . . . . . . 3 . Striker 5 | . . . . . . . . . . . . . . . . . . . . . . . . 1 . . . 3 . 1 Executioner 1 | . . . . . . . . . . . . . . . . . . . . . . . . . . . . 1 . . Fortress 1 | . . . . . . . . . . . . . . . . . . . . . . . . . . . . . 1 . Thug 1 | . . . . . . . . . . . . . . . . . 1 . . . . . . . . . . . . . Savage 1 | . . . . . . . . . . . . . . . . . 1 . . . . . . . . . . . . . Guerrilla 2 | . . . . . . . . . . . . . . . . . 2 . . . . . . . . . . . . . Best Kill Streak 16 | . 3 4 . 3 7 3 11 3 . 3 8 3 1 . 9 6 3 5 2 . 3 3 4 6 5 3 11 6 10 16 Combat Bots Only 13 | . 3 3 . 3 6 3 11 3 . 3 7 3 1 . 9 5 3 4 2 . 3 3 4 6 5 2 10 6 8 13 Max Kills in Single Turn 7 | . 1 3 . 2 2 1 3 3 . 2 4 1 1 . 4 4 1 1 1 . 3 1 3 3 2 1 2 3 3 7 Gunslinging 1 | . . . . 1 . . . . . . . . . . . . . . . . . . . . . . . . . . Exploded 5 | . . 2 . . 2 . 3 2 . 2 3 1 . . 4 2 . . . . 3 . 3 3 2 . . 3 2 5 Melee . | . . . . . . . . . . . . . . . . . . . . . . . . . . . . . . . Uniques/NPCs Destroyed . | . . . . . . . . . . . . . . . . . . . . . . . . . . . . . . . Combat | -11 -10 -10 -10 -9 -8 -7 -7 -7 -7 -6 -6 -6 -6 -6 -5 -5 -5 -5 -5 -5 -4 -4 -4 -4 -3 -3 -3 -2 -2 -2 -------- Run | Yrd Mat Min Exi Min Mat Fac Low Low Zio Pro Fac Low Low Dat Pro Fac Ext Cet Arc Hub Fac Upp Upp War Pro Res Tes Res Qua Sec Hostile Shots Fired 2150 | . 74 25 . 9 128 220 65 5 . 15 261 15 5 . 63 73 70 45 22 20 160 22 23 78 21 . 152 61 72 446 Missed 669 | . 18 6 . 5 33 91 19 4 . 4 83 4 . . 20 13 25 10 6 2 43 7 10 36 9 . 36 16 17 152 Hits 1481 | . 56 19 . 4 95 129 46 1 . 11 178 11 5 . 43 60 45 35 16 18 117 15 13 42 12 . 116 45 55 294 Melee 11 | . . . . . . . . . . . . . . . . . . . . . 2 . . . . . . 4 . 5 Projectile 1470 | . 56 19 . 4 95 129 46 1 . 11 178 11 5 . 43 60 45 35 16 18 115 15 13 42 12 . 116 41 55 289 AOE 8 | . . . . . . . . . . . . . . . . . . . . . 3 . . . . . . . . 5 Critical Strikes 62 | . . . . . 3 1 1 . . . 5 . 1 . 1 4 3 3 . 2 5 1 1 . . . 11 2 4 14 Actively Blocked 7 | . . . . . . . . . . . . . . . . . . . . . 3 1 1 . . . . 2 . . Part Disruptions 4 | . . . . . . . . . . . . . . . . 1 . . . . 1 . . . . . 1 . . 1 Actively Blocked 1 | . . . . . . . . . . . . . . . . . . . . . . . . . . . . . . 1 Damage Taken 29591 | . 529 206 . 36 1210 1497 823 20 . 194 2548 192 79 . 827 1988 1113 922 418 678 2611 261 246 924 295 11 1243 1242 1592 7886 Core 3191 | . 26 25 . . 149 202 107 . . 36 226 38 30 . 23 256 125 101 . 44 84 17 14 21 . . 87 81 361 1138 Absorbed by Shields 1844 | . 83 80 . 14 159 51 . . . . . . . . . . . . . . . . . 192 89 11 1165 . . . Reduced by Siege Mode 616 | . . . . . . . . . . . 59 . . . . . . 48 27 . 60 3 12 . . . 105 14 124 164 Redirected to Core 780 | . . . . . . . . . . . . . . . . . . . . . . . . . . . . . 334 446 Redirected to Shielding 216 | . . . . . . . . . . . . . . . . 53 52 . . . . . 60 . . . . . . 51 Ignored by Resistances 291 | . . . . . . . . . . . . . . . . . . . . . 66 . . . . . . . . 225 Regen/Repaired (Parts) 2075 | . . . . . 95 . . . 778 . . . . . . . . . . . . . . 587 . . . 337 . 278 Core Remaining (%) 73 | 100 . . . 79 72 . . . . 50 . . . . 62 . . . . 47 . . . . 88 . 93 . . . Volleys Fired 1222 | . 59 19 . 6 81 58 14 37 . 19 86 18 29 . 23 47 55 18 12 . 135 22 37 25 13 6 80 31 47 245 Largest 4 | . 2 2 . 2 3 3 3 2 . 3 3 2 3 . 3 4 4 4 4 . 4 1 1 1 3 3 4 4 4 4 Hottest 434 | . 60 46 . 46 240 240 163 105 . 163 198 165 240 . 240 232 360 303 240 . 365 105 105 80 275 279 364 354 434 434 Shots Fired 2447 | . 108 36 . 12 222 167 31 42 . 35 207 21 61 . 64 106 185 69 39 1 185 21 37 25 25 14 232 81 126 295 Gun 950 | . 108 34 . 12 . 3 17 32 . 25 89 . 29 . 22 93 73 26 29 1 68 . 4 2 6 4 151 35 41 46 Cannon 1380 | . . . . . 222 164 8 4 . 8 109 19 32 . 39 12 112 43 10 . 112 21 31 . 12 10 81 37 79 215 Launcher 117 | . . 2 . . . . 6 6 . 2 9 2 . . 3 1 . . . . 5 . 2 23 7 . . 9 6 34 Special . | . . . . . . . . . . . . . . . . . . . . . . . . . . . . . . . Kinetic 500 | . 93 34 . 12 . 2 8 4 . 8 73 . . . 2 54 56 26 23 . 14 . . . . . 59 . . 32 Thermal 1613 | . . . . . 199 165 17 32 . 25 117 19 61 . 55 48 129 43 16 1 99 6 20 2 18 10 163 72 110 186 Explosive 53 | . . 2 . . . . 2 . . . . . . . 3 1 . . . . 5 . 2 12 7 . . 9 3 7 Electromagnetic 236 | . 15 . . . 23 . 4 6 . 2 17 2 . . 4 3 . . . . 67 15 15 11 . 4 10 . . 38 Entropic 45 | . . . . . . . . . . . . . . . . . . . . . . . . . . . . . 13 32 Robot Hit Streak 32 | . 12 6 . 10 16 23 6 4 . 8 13 5 12 . 10 9 17 14 14 . 32 7 11 13 11 6 29 10 29 32 Robot Miss Streak 8 | . 3 4 . 1 4 2 8 2 . 3 4 2 1 . 4 4 5 2 2 . 2 1 1 3 1 1 4 2 2 7 Penetration Max 1 | . . . . . . . . . . . . . . . . . 1 1 . . . . . . . . 1 . . 1 Secondary Targets 10 | . 3 1 . 1 . . . . . . . . . . . 4 . . . . . . . . . . . . . 1 Max Gunslinging Chain 1 | . 1 1 . 1 . . . . . . . . . . . 1 . . . . . . . . . . . . . 1 Capacitor 326 | . . . . . . . . . . . . . . . . . . . . . 113 21 35 2 . . . . . 155 Shots Hit Robots 1461 | . 66 21 4 10 133 119 17 6 . 22 110 11 38 . 34 63 104 44 30 . 133 13 20 19 15 7 109 48 81 184 Core Hits 884 | . 30 12 . 5 54 40 24 8 . 12 69 7 15 . 24 53 44 30 13 . 56 6 14 40 26 3 49 27 46 177 Critical Kills 22 | . . . . . 1 3 . . . . . . 2 . . . 1 1 1 . 2 . . . 1 . 5 . 1 4 Critical Parts Destroyed 6 | . . . . . . . . . . . . . . . . . 1 . 2 . . . . . . . 3 . . . Critical Strikes 67 | . . . . . 1 3 2 . . 3 4 . 2 . 2 . 3 1 5 . 5 1 2 . 1 . 13 2 4 13 Burn 13 | . . . . . . . 2 . . 2 1 . . . . . 1 . . . . . . . . . 3 2 1 1 Meltdown 16 | . . . . . 1 3 . . . . . . 2 . . . . . . . 2 . . . 1 . 2 . 1 4 Destroy 17 | . . . . . . . . . . . . . . . . . 2 1 5 . 2 . . . . . 7 . . . Blast 4 | . . . . . . . . . . 1 3 . . . . . . . . . . . . . . . . . . . Corrupt 5 | . . . . . . . . . . . . . . . . . . . . . 1 1 2 . . . 1 . . . Impale 2 | . . . . . . . . . . . . . . . 2 . . . . . . . . . . . . . . . Sunder 10 | . . . . . . . . . . . . . . . . . . . . . . . . . . . . . 2 8 Melee Attacks 19 | . . . 4 . . . . 2 . . . . . . 5 8 . . . . . . . . . . . . . . Impact . | . . . . . . . . . . . . . . . . . . . . . . . . . . . . . . . Slashing 2 | . . . . . . . . 2 . . . . . . . . . . . . . . . . . . . . . . Piercing 13 | . . . . . . . . . . . . . . . 5 8 . . . . . . . . . . . . . . Sneak Attacks 4 | . . . 4 . . . . . . . . . . . . . . . . . . . . . . . . . . . Combat Hostiles . | . . . . . . . . . . . . . . . . . . . . . . . . . . . . . . . Follow-up Attacks . | . . . . . . . . . . . . . . . . . . . . . . . . . . . . . . . Damage Inflicted 76174 | . 869 441 . 156 3795 3205 1307 576 . 721 4864 405 1126 . 1675 3105 3769 1453 859 9 5486 450 999 3723 1979 315 7415 4539 7657 15276 Guns 14851 | . 863 297 . 151 . 58 204 26 . 363 1336 . 422 . 236 1301 1044 492 616 . 1638 . . 57 167 62 3032 755 747 984 Cannons 35322 | . . . . . 3649 3134 223 73 . 217 2104 319 704 . 472 106 2718 961 243 . 2930 450 754 . 147 249 4383 1301 3221 6964 Explosions 25635 | . . 133 . . 92 . 880 477 . 141 1388 86 . . 837 1680 . . . . 860 . 245 3666 1665 . . 2468 3689 7328 Melee 130 | . . . . . . . . . . . . . . . 130 . . . . . . . . . . . . . . . Ramming 236 | . 6 11 . 5 54 13 . . . . 36 . . . . 18 7 . . 9 58 . . . . 4 . 15 . . Kinetic 7596 | . 758 297 . 151 . 37 223 73 . 217 1383 . . . 23 891 713 492 486 . 277 . . . . . 868 . . 707 Thermal 39542 | . . . . . 3391 3155 204 26 . 363 2277 319 1126 . 646 1739 3049 961 373 . 2659 71 254 974 314 150 6321 2056 3178 5936 Explosive 12147 | . . 133 . . . . 573 . . . . . . . 837 419 . . . . 860 . 245 1977 1665 . . 2468 1005 1965 Electromagnetic 9416 | . 105 . . . 350 . 307 477 . 141 1168 86 . . 39 38 . . . . 1632 379 500 772 . 161 226 . . 3035 Impact . | . . . . . . . . . . . . . . . . . . . . . . . . . . . . . . . Slashing . | . . . . . . . . . . . . . . . . . . . . . . . . . . . . . . . Piercing 130 | . . . . . . . . . . . . . . . 130 . . . . . . . . . . . . . . . Entropic 7107 | . . . . . . . . . . . . . . . . . . . . . . . . . . . . . 3474 3633 Highest Corruption 25 | . . . . . . 2 3 3 3 . 2 2 4 . 2 18 19 19 19 25 5 5 . . . 1 4 . 12 12 Average Corruption 5 | . . . . . . 1 2 3 3 . 1 2 3 . 1 8 18 19 19 19 2 3 . . . 1 3 . 9 8 Corruption Purged 17 | . . . . . . . . . . . . . 4 . . . . . . . . 5 . . . 1 . . . 7 Corruption Blocked . | . . . . . . . . . . . . . . . . . . . . . . . . . . . . . . . Effects 386 | . . . . . . 9 23 25 1 . 25 18 20 . 11 10 78 28 9 4 16 3 . . . . 18 . 29 59 Message Errors 84 | . . . . . . 3 2 10 1 . 4 3 7 . 3 2 14 4 . . 7 . . . . . 5 . 4 15 Matter Fused 93 | . . . . . . 2 8 7 . . 5 6 6 . 3 2 17 6 2 1 4 . . . . . 1 . 8 15 Heat Flow Errors 44 | . . . . . . 2 4 1 . . 4 . 2 . . . 9 5 1 1 1 2 . . . . 4 . 3 5 Energy Discharges 46 | . . . . . . . 3 2 . . 4 3 2 . 1 . 10 3 4 . 2 . . . . . 4 . 3 5 Parts Rejected 7 | . . . . . . . . 1 . . 1 . . . . 1 1 . . . . . . . . . . . 3 . Parts Fused 3 | . . . . . . . . . . . . . . . . 1 1 1 . . . . . . . . . . . . Data Loss (minor) 45 | . . . . . . . 2 2 . . 3 3 2 . 2 3 10 3 . 1 . . . . . . 2 . 4 8 Data Loss (major) 12 | . . . . . . . 1 . . . . 1 . . 1 . 3 3 . . 1 . . . . . . . . 2 Misfires 17 | . . . . . . 2 1 1 . . 1 . . . 1 . 3 . . 1 . . . . . . . . 3 4 Alerts 10 | . . . . . . . 2 1 . . 2 . 1 . . 1 1 . . . 1 . . . . . 1 . . . Weapon Failures 25 | . . . . . . . . . . . 1 2 . . . . 9 3 2 . . 1 . . . . 1 . 1 5 Overload Shots 10 | . . . . . . . . . . . . . . . . 2 . . . . 5 . . . . . . . . 3 Effects 1 | . . . . . . . . . . . . . . . . . . . . . 1 . . . . . . . . . Energy Bleed 1 | . . . . . . . . . . . . . . . . . . . . . 1 . . . . . . . . . Overflow Damage 3011 | . . . . . 30 53 29 . . 6 128 . 157 . 49 151 30 . . . 170 4 39 27 . . 718 304 415 701 Projectiles 2177 | . . . . . 30 53 20 . . . 97 . 157 . 13 . 30 . . . 124 4 39 . . . 718 110 242 540 Explosions 834 | . . . . . . . 9 . . 6 31 . . . 36 151 . . . . 46 . . 27 . . . 194 173 161 Melee . | . . . . . . . . . . . . . . . . . . . . . . . . . . . . . . . Knockbacks 18 | . . . . . 1 1 3 . . 2 11 . . . . . . . . . . . . . . . . . . . Impact 2 | . . . . . 1 1 . . . . . . . . . . . . . . . . . . . . . . . . Kinetic 16 | . . . . . . . 3 . . 2 11 . . . . . . . . . . . . . . . . . . . Secondary . | . . . . . . . . . . . . . . . . . . . . . . . . . . . . . . . Self-Inflicted Damage 849 | . . 15 . . 40 . 81 . . . . . . . . 214 . . . . . . . 120 73 . . . . 306 Shots 34 | . . 1 . . 1 . 5 . . . . . . . . 2 . . . . . . . 7 3 . . . . 15 Rammed 24 | . 2 2 . 1 2 3 1 . . . 2 . . . . 2 2 . . 1 4 . . . . 1 . 1 . . Targets Rammed 29 | . 2 2 . 2 3 4 1 . . . 2 . . . . 2 2 . . 1 5 . . . . 2 . 1 . . Kicked . | . . . . . . . . . . . . . . . . . . . . . . . . . . . . . . . Crushed 5 | . . . . 1 1 1 . . . . . . . . . . . . . . 1 . . . . 1 . . . . Highest Temperature 483 | . 114 1 . 7 430 257 236 107 . 12 483 39 370 . 234 291 339 138 98 126 238 202 168 26 143 81 217 246 285 358 Average Temperature 93 | . 52 1 . 4 124 65 104 54 . 5 105 16 94 . 70 85 87 39 44 90 72 96 61 19 58 38 93 79 80 78 Received Heat Transfer 3900 | . 254 86 . 14 537 552 126 9 . 18 567 27 9 . 60 276 208 . . . 285 27 39 95 35 . 199 . 99 378 Effects 12 | . . . . . 5 . . . . . 4 . . . . . 2 . . . . . . . . . . . . 1 Shutdowns 2 | . . . . . . . . . . . 1 . . . . . . . . . . . . . . . . . . 1 Energy Bleed 2 | . . . . . 2 . . . . . . . . . . . . . . . . . . . . . . . . . Interference 8 | . . . . . 3 . . . . . 3 . . . . . 2 . . . . . . . . . . . . . Siege Activations 42 | . . . . . . . . . . . 8 . . . . . . 1 2 . 5 1 2 . . . 8 1 6 8 Total Turns 591 | . . . . . . . . . . . 86 . . . . . . 29 30 . 63 37 56 . . . 133 5 71 81 Longest Duration 52 | . . . . . . . . . . . 27 . . . . . . 29 19 . 20 37 48 . . . 52 5 31 19 Martial Activations . | . . . . . . . . . . . . . . . . . . . . . . . . . . . . . . . Shielding Activations . | . . . . . . . . . . . . . . . . . . . . . . . . . . . . . . . Robots Disrupted 8 | . . . . . . . . . . . . . . . . . . . . . 6 . 1 . . . . . . 1 Combat Hostiles 8 | . . . . . . . . . . . . . . . . . . . . . 6 . 1 . . . . . . 1 Robots Corrupted 35 | . . . . . 1 . . 1 . . 3 . . . . . . . . . 9 2 1 3 . . . . . 15 Combat Hostiles 30 | . . . . . . . . 1 . . 3 . . . . . . . . . 8 2 1 3 . . . . . 12 Parts Fried 74 | . . . . . 1 . . 1 . 1 3 . . . . . . . . . 17 1 6 7 . 2 1 . . 34 Impact Corruptions . | . . . . . . . . . . . . . . . . . . . . . . . . . . . . . . . Robots Melted 22 | . . . . . 2 3 . . . . . 1 2 . . . 2 . . . 3 . . . 1 . 2 . 1 5 Combat Hostiles 22 | . . . . . 2 3 . . . . . 1 2 . . . 2 . . . 3 . . . 1 . 2 . 1 5 Parts Melted 95 | . . . . . 16 20 . . . . 4 4 5 . 2 1 6 . . . 15 . . . 1 . 9 2 2 8 Heat Transferred 42626 | . . . . . 6550 5648 444 37 . 666 3049 537 1723 . 953 1503 3293 1036 444 . 2568 74 259 749 333 148 3972 1808 2185 4647 Parts Sabotaged . | . . . . . . . . . . . . . . . . . . . . . . . . . . . . . . . Parts Stolen . | . . . . . . . . . . . . . . . . . . . . . . . . . . . . . . . Parts Stripped . | . . . . . . . . . . . . . . . . . . . . . . . . . . . . . . . Power Chain Reactions 14 | . . . . . 1 . . . . . 2 . . . . . . . . . . . . 9 . . . . . 2 Alert | -11 -10 -10 -10 -9 -8 -7 -7 -7 -7 -6 -6 -6 -6 -6 -5 -5 -5 -5 -5 -5 -4 -4 -4 -4 -3 -3 -3 -2 -2 -2 ------- Run | Yrd Mat Min Exi Min Mat Fac Low Low Zio Pro Fac Low Low Dat Pro Fac Ext Cet Arc Hub Fac Upp Upp War Pro Res Tes Res Qua Sec Maximum Alert Level 5 | . . . . . 2 1 . . . . 2 . . . . 2 4 3 1 . 1 . . . . . 2 2 2 5 Low Security (%) 48 | . 100 100 . 100 26 23 . . . . 86 . . . . . 15 . . 100 82 . . . . 100 77 3 39 2 Level 1 25 | . . . . . 53 76 . . . . 6 . . . . 12 54 . 100 . 17 . . . . . 10 44 17 12 Level 2 17 | . . . . . 19 . . . . . 7 . . . . 87 6 83 . . . . . . . . 12 52 42 11 Level 3 3 | . . . . . . . . . . . . . . . . . 20 16 . . . . . . . . . . . 22 Level 4 3 | . . . . . . . . . . . . . . . . . 3 . . . . . . . . . . . . 41 Level 5 . | . . . . . . . . . . . . . . . . . . . . . . . . . . . . . . . High Security . | . . . . . . . . . . . . . . . . . . . . . . . . . . . . . . . Max Security . | . . . . . . . . . . . . . . . . . . . . . . . . . . . . . . 8 Peak Influence 2339 | . 194 132 . 122 547 296 . . . . 506 . . . . 609 1284 720 274 83 397 . . . . 56 622 627 509 2339 Initial 715 | . . 68 . . 5 246 . . . . . . . . . 370 257 715 216 81 21 . . . . 54 26 345 195 270 Average 297 | . 57 35 . 33 287 225 . . . . 97 . . . . 485 441 644 248 71 94 . . . . 8 137 414 294 1083 Influence Increases 16108 | . 455 207 . 225 1223 702 388 160 . 304 1179 100 55 . 390 938 1916 200 128 22 998 130 245 305 222 86 1098 634 797 3001 Destroy 0b10 Robot/C 9300 | . 240 140 . 160 680 400 260 120 . 240 780 80 40 . 320 300 920 160 80 . 660 100 200 260 200 40 640 300 380 1600 Destroy 0b10 Robot/NC 375 | . 30 5 . 5 40 25 . . . . 35 . 5 . 20 20 20 10 . . 30 . . . . 5 30 15 20 60 Destroy Leader 1622 | . 68 30 . 30 178 126 20 20 . 40 192 20 10 . 50 70 96 . . . 158 . 30 . 10 10 90 64 64 246 Allied During Kill 940 | . . 13 . 30 44 . 3 20 . 24 . . . . . . 662 12 2 . 26 . . . 12 6 . . . 86 Successful Hack 256 | . 11 . . . 24 71 . . . . 28 . . . . 32 14 . . 5 12 . . . . . 52 . . 7 Select Force Hacks 90 | . 60 . . . 30 . . . . . . . . . . . . . . . . . . . . . . . . . Disable Machine 825 | . 15 . . . 60 30 . . . . 45 . . . . 60 75 . 30 15 30 . . . . 15 120 30 75 225 Destroy Structure 1530 | . 1 19 . . 62 5 . . . . 54 . . . . 126 114 18 16 2 82 . . . . 10 106 225 258 432 Advance Influence 300 | . . . . . . . . . . . . . . . . 300 . . . . . . . . . . . . . . Lose Combat Pursuer 870 | . 30 . . . 105 45 105 . . . 45 . . . . 30 15 . . . . 30 15 45 . . 60 . . 345 Influence Decreases 13813 | . 279 383 . 211 694 977 626 190 . 304 727 552 55 . 278 524 1164 937 435 213 644 370 319 232 296 121 531 901 662 1188 Entered New Map 3162 | . . 108 . . 9 297 100 6 . . . 168 . . . 42 269 563 325 153 22 148 31 83 156 28 21 269 152 212 Time Decay 8859 | . 259 265 . 211 495 640 526 184 . 284 457 374 55 . 218 362 565 294 80 40 520 222 278 129 110 93 480 622 510 586 Lost Part 882 | . 20 10 . . . 40 . . . . 120 10 . . 60 120 50 . 10 20 82 . 10 20 30 . 30 10 . 240 Lost Ally 460 | . . . . . 40 . . . . 20 . . . . . . 280 80 20 . 20 . . . . . . . . . Purge Threat 450 | . . . . . 150 . . . . . 150 . . . . . . . . . . . . . . . . . . 150 Squads Dispatched 87 | . 3 . . . 5 6 . . . . 12 . . . . 6 1 . . . 5 . . . 1 3 9 1 6 29 Investigation 11 | . 2 . . . 3 . . . . . 2 . . . . . . . . . 1 . . . . 1 1 . . 1 Extermination 29 | . . . . . . 5 . . . . 7 . . . . 1 . . . . 4 . . . . . 4 . 4 4 Reinforcement 22 | . 1 . . . 1 1 . . . . 2 . . . . . . . . . . . . . . 2 4 1 2 8 Assault 21 | . . . . . . . . . . . 1 . . . . 2 1 . . . . . . . 1 . . . . 16 Garrison 4 | . . . . . 1 . . . . . . . . . . 3 . . . . . . . . . . . . . . Intercept . | . . . . . . . . . . . . . . . . . . . . . . . . . . . . . . . Searches Triggered . | . . . . . . . . . . . . . . . . . . . . . . . . . . . . . . . Data Miner Redirects 2 | . . . . . . . . . . . . . . . . 1 . . . . . . . . . . . . . 1 Construction Impeded 5 | . . . . . . . . . . . 1 . . . . . . . . . . . . . . 1 2 . . 1 Haulers Reinforced 5 | . . . . . . . . . . . . . . . . . . . . . . . . . . 1 . 1 1 2 Active Scanning Responses . | . . . . . . . . . . . . . . . . . . . . . . . . . . . . . . . Cargo Convoy Interrupts 1 | . . . . . . 1 . . . . . . . . . . . . . . . . . . . . . . . . Stealth | -11 -10 -10 -10 -9 -8 -7 -7 -7 -7 -6 -6 -6 -6 -6 -5 -5 -5 -5 -5 -5 -4 -4 -4 -4 -3 -3 -3 -2 -2 -2 --------- Run | Yrd Mat Min Exi Min Mat Fac Low Low Zio Pro Fac Low Low Dat Pro Fac Ext Cet Arc Hub Fac Upp Upp War Pro Res Tes Res Qua Sec Distress Signals 47 | . 4 . . . 4 1 . . . . 2 . . . . 1 2 2 . 1 4 . . 1 . 5 3 10 2 5 Communications Jammed . | . . . . . . . . . . . . . . . . . . . . . . . . . . . . . . . Distress Signals . | . . . . . . . . . . . . . . . . . . . . . . . . . . . . . . . Times Spotted 662 | . 24 9 . 8 45 34 16 6 . 12 58 6 2 . 17 21 48 8 4 10 51 8 10 16 10 4 49 18 29 139 Peak Tracking Total 26 | . 4 3 . 3 5 5 13 3 . 5 6 3 1 . 5 9 6 5 2 15 5 5 4 12 5 3 6 6 6 26 Tactical Retreats 32 | . 1 . . . 4 2 5 . . . 3 . . . . 1 1 . . . . 2 1 2 . . 4 . . 6 Traps | -11 -10 -10 -10 -9 -8 -7 -7 -7 -7 -6 -6 -6 -6 -6 -5 -5 -5 -5 -5 -5 -4 -4 -4 -4 -3 -3 -3 -2 -2 -2 ------- Run | Yrd Mat Min Exi Min Mat Fac Low Low Zio Pro Fac Low Low Dat Pro Fac Ext Cet Arc Hub Fac Upp Upp War Pro Res Tes Res Qua Sec Traps Triggered 10 | . . . . . 2 1 . . . . 1 . . . . 1 . . . . 2 . . . . . 2 . . 1 Indirectly . | . . . . . . . . . . . . . . . . . . . . . . . . . . . . . . . Trap Hack Attempts . | . . . . . . . . . . . . . . . . . . . . . . . . . . . . . . . Triggered . | . . . . . . . . . . . . . . . . . . . . . . . . . . . . . . . Disarmed . | . . . . . . . . . . . . . . . . . . . . . . . . . . . . . . . Reprogrammed . | . . . . . . . . . . . . . . . . . . . . . . . . . . . . . . . Reused . | . . . . . . . . . . . . . . . . . . . . . . . . . . . . . . . Traps Extracted . | . . . . . . . . . . . . . . . . . . . . . . . . . . . . . . . Installed . | . . . . . . . . . . . . . . . . . . . . . . . . . . . . . . . Triggered . | . . . . . . . . . . . . . . . . . . . . . . . . . . . . . . . Most Traps Carried 2 | . . 2 2 . . . . . . . . . . . . . . . . . . . . . . . . . . . Machines | -11 -10 -10 -10 -9 -8 -7 -7 -7 -7 -6 -6 -6 -6 -6 -5 -5 -5 -5 -5 -5 -4 -4 -4 -4 -3 -3 -3 -2 -2 -2 ---------- Run | Yrd Mat Min Exi Min Mat Fac Low Low Zio Pro Fac Low Low Dat Pro Fac Ext Cet Arc Hub Fac Upp Upp War Pro Res Tes Res Qua Sec Machines Disabled 64 | . 1 . . . 4 2 . 1 . . 3 . . . . 4 6 . 2 1 2 . . . 1 1 11 2 6 17 Max in Single Turn 2 | . 1 . . . 1 1 . 1 . . 2 . . . . 2 1 . 1 1 1 . . . 1 1 2 1 1 1 Garrison Access 6 | . . . . . . 1 . . . . 1 . . . . . . . . . . . . . . . . 3 . 1 Network Hub 1 | . . . . . . . . . . . . . . . . . . . . 1 . . . . . . . . . . Energy Cycler 1 | . . . . . . . . . . . . . . . . . 1 . . . . . . . . . . . . . Machines Repaired . | . . . . . . . . . . . . . . . . . . . . . . . . . . . . . . . Machines Dismantled 1 | . . . . . . . . . . . . . . . . . . . . 1 . . . . . . . . . . Machines Sabotaged . | . . . . . . . . . . . . . . . . . . . . . . . . . . . . . . . Overloaded Fab Kills . | . . . . . . . . . . . . . . . . . . . . . . . . . . . . . . . Hacking | -11 -10 -10 -10 -9 -8 -7 -7 -7 -7 -6 -6 -6 -6 -6 -5 -5 -5 -5 -5 -5 -4 -4 -4 -4 -3 -3 -3 -2 -2 -2 --------- Run | Yrd Mat Min Exi Min Mat Fac Low Low Zio Pro Fac Low Low Dat Pro Fac Ext Cet Arc Hub Fac Upp Upp War Pro Res Tes Res Qua Sec Machines Accessed 77 | . 9 . . . 9 7 1 1 1 . 10 1 . 4 . 5 5 . . 1 6 . . 3 . 2 4 1 2 5 Terminals 58 | . 7 . . . 6 6 . . . . 9 . . . . 5 5 . . 1 6 . . . . 2 4 . 2 5 Fabricators . | . . . . . . . . . . . . . . . . . . . . . . . . . . . . . . . Repair Stations 1 | . . . . . 1 . . . . . . . . . . . . . . . . . . . . . . . . . Recycling Units 4 | . 2 . . . 2 . . . . . . . . . . . . . . . . . . . . . . . . . Scanalyzers . | . . . . . . . . . . . . . . . . . . . . . . . . . . . . . . . Garrison Access 3 | . . . . . . 1 . . . . 1 . . . . . . . . . . . . . . . . 1 . . Total Hacks 202 | . 29 . . . 21 17 1 1 6 . 22 1 . 28 . 7 7 . . 3 21 . . 3 . 7 7 1 5 15 Successful 108 | . 17 . . . 11 11 1 1 6 . 7 1 . 28 . 4 1 . . 1 3 . . 3 . 1 4 1 . 7 Failed 93 | . 11 . . . 10 6 . . . . 15 . . . . 3 6 . . 2 18 . . . . 6 3 . 5 8 Catastrophic 24 | . 2 . . . 3 . . . . . 5 . . . . 1 1 . . . 7 . . . . . 3 . 1 1 Database Lockouts 1 | . 1 . . . . . . . . . . . . . . . . . . . . . . . . . . . . . Manual 92 | . 21 . . . 12 8 . . . . 14 . . . . 5 5 . . 1 12 . . 1 . 2 3 . 3 5 Terminals 152 | . 27 . . . 16 16 . . . . 21 . . . . 7 7 . . 3 21 . . . . 7 7 . 5 15 Fabricators . | . . . . . . . . . . . . . . . . . . . . . . . . . . . . . . . Repair Stations 2 | . . . . . 2 . . . . . . . . . . . . . . . . . . . . . . . . . Recycling Units 5 | . 2 . . . 3 . . . . . . . . . . . . . . . . . . . . . . . . . Scanalyzers . | . . . . . . . . . . . . . . . . . . . . . . . . . . . . . . . Garrison Access 3 | . . . . . . 1 . . . . 1 . . . . . . . . . . . . . . . . 1 . . Terminal Hacks 78 | . 9 . . . 5 6 1 1 6 . 2 1 . 28 . 3 1 . . 1 2 . . 3 . 1 3 . . 5 Record 14 | . 1 . . . . . . . . . . . . 11 . . . . . . . . . 2 . . . . . . Part Schematic 16 | . . . . . . . . . 6 . . . . 10 . . . . . . . . . . . . . . . . Robot Schematic 4 | . . . . . . . . . . . . . . 4 . . . . . . . . . . . . . . . . Robot Analysis 4 | . 3 . . . . 1 . . . . . . . . . . . . . . . . . . . . . . . . Prototype ID Bank 8 | . 1 . . . 2 1 . . . . . . . 3 . . . . . 1 . . . . . . . . . . Open Door 6 | . . . . . . . 1 1 . . . 1 . . . 1 . . . . . . . 1 . . . . . 1 Level Access Points 4 | . . . . . . . . . . . . . . . . 1 . . . . 1 . . . . . 1 . . 1 Branch Access Points 6 | . . . . . . 1 . . . . 1 . . . . 1 . . . . 1 . . . . 1 . . . 1 Unreport Threat 3 | . . . . . 1 . . . . . 1 . . . . . . . . . . . . . . . . . . 1 Locate Traps 10 | . 3 . . . 1 3 . . . . . . . . . . 1 . . . . . . . . . 2 . . . Hauler Manifests 2 | . 1 . . . 1 . . . . . . . . . . . . . . . . . . . . . . . . . Activate Exoskeleton 1 | . . . . . . . . . . . . . . . . . . . . . . . . . . . . . . 1 Fabricator Hacks . | . . . . . . . . . . . . . . . . . . . . . . . . . . . . . . . Repair Station Hacks 2 | . . . . . 2 . . . . . . . . . . . . . . . . . . . . . . . . . Scan Component 1 | . . . . . 1 . . . . . . . . . . . . . . . . . . . . . . . . . Repair 1 | . . . . . 1 . . . . . . . . . . . . . . . . . . . . . . . . . Recycling Unit Hacks . | . . . . . . . . . . . . . . . . . . . . . . . . . . . . . . . Scanalyzer . | . . . . . . . . . . . . . . . . . . . . . . . . . . . . . . . Garrison Access Hacks 3 | . . . . . . 1 . . . . 1 . . . . . . . . . . . . . . . . 1 . . Seal Access 3 | . . . . . . 1 . . . . 1 . . . . . . . . . . . . . . . . 1 . . Unauthorized Hacks 25 | . 8 . . . 4 4 . . . . 4 . . . . 1 . . . . 1 . . . . . 1 . . 2 Terminals 22 | . 6 . . . 3 4 . . . . 4 . . . . 1 . . . . 1 . . . . . 1 . . 2 Track 1 | . 1 . . . . . . . . . . . . . . . . . . . . . . . . . . . . . Botnet 19 | . 3 . . . 3 4 . . . . 4 . . . . 1 . . . . 1 . . . . . 1 . . 2 Disrupt 1 | . 1 . . . . . . . . . . . . . . . . . . . . . . . . . . . . . Operators 1 | . 1 . . . . . . . . . . . . . . . . . . . . . . . . . . . . . Fabricators . | . . . . . . . . . . . . . . . . . . . . . . . . . . . . . . . Repair Stations . | . . . . . . . . . . . . . . . . . . . . . . . . . . . . . . . Recycling Units 3 | . 2 . . . 1 . . . . . . . . . . . . . . . . . . . . . . . . . Tunnel 3 | . 2 . . . 1 . . . . . . . . . . . . . . . . . . . . . . . . . Scanalyzers . | . . . . . . . . . . . . . . . . . . . . . . . . . . . . . . . Garrison Access . | . . . . . . . . . . . . . . . . . . . . . . . . . . . . . . . Data Cores Recovered 1 | . . . . . . . . . . . . . . . . . . . . . . . . . . . . . . 1 Used . | . . . . . . . . . . . . . . . . . . . . . . . . . . . . . . . Hacking Detections 50 | . 6 . . . 7 4 . . . . 8 . . . . 4 4 . . 1 6 . . . . 2 4 . 2 2 Full Trace Events 3 | . . . . . . . . . . . 1 . . . . . . . . . 1 . . . . 1 . . . . Feedback Events 1 | . . . . . . . . . . . . . . . . . . . . . . . . . . 1 . . . . Corruption 1 | . . . . . . . . . . . . . . . . . . . . . . . . . . 1 . . . . Feedback Blocked . | . . . . . . . . . . . . . . . . . . . . . . . . . . . . . . . Robot Schematics Acquired 6 | . . . . . . . . . . . . . . 4 . . . . . . . . . . . . 1 . 1 . Robots Built . | . . . . . . . . . . . . . . . . . . . . . . . . . . . . . . . Authchips . | . . . . . . . . . . . . . . . . . . . . . . . . . . . . . . . Time . | . . . . . . . . . . . . . . . . . . . . . . . . . . . . . . . Total Robot Build Rating . | . . . . . . . . . . . . . . . . . . . . . . . . . . . . . . . Part Schematics Acquired 18 | . . . . . . . . . 6 . . . . 10 . . . . . . . . . . . . 1 . 1 . Parts Built . | . . . . . . . . . . . . . . . . . . . . . . . . . . . . . . . Authchips . | . . . . . . . . . . . . . . . . . . . . . . . . . . . . . . . Time . | . . . . . . . . . . . . . . . . . . . . . . . . . . . . . . . Total Part Build Rating . | . . . . . . . . . . . . . . . . . . . . . . . . . . . . . . . Parts Repaired 1 | . . . . . 1 . . . . . . . . . . . . . . . . . . . . . . . . . Time 26 | . . . . . 26 . . . . . . . . . . . . . . . . . . . . . . . . . Parts Recycled . | . . . . . . . . . . . . . . . . . . . . . . . . . . . . . . . Recycled Matter . | . . . . . . . . . . . . . . . . . . . . . . . . . . . . . . . Retrieved Matter . | . . . . . . . . . . . . . . . . . . . . . . . . . . . . . . . Retrieved Components . | . . . . . . . . . . . . . . . . . . . . . . . . . . . . . . . Parts Scanalyzed . | . . . . . . . . . . . . . . . . . . . . . . . . . . . . . . . Part Schematics Acquired . | . . . . . . . . . . . . . . . . . . . . . . . . . . . . . . . Parts Damaged . | . . . . . . . . . . . . . . . . . . . . . . . . . . . . . . . Bothacking | -11 -10 -10 -10 -9 -8 -7 -7 -7 -7 -6 -6 -6 -6 -6 -5 -5 -5 -5 -5 -5 -4 -4 -4 -4 -3 -3 -3 -2 -2 -2 ------------ Run | Yrd Mat Min Exi Min Mat Fac Low Low Zio Pro Fac Low Low Dat Pro Fac Ext Cet Arc Hub Fac Upp Upp War Pro Res Tes Res Qua Sec Used RIF Installer . | . . . . . . . . . . . . . . . . . . . . . . . . . . . . . . . Robots Hacked 4 | . . . 4 . . . . . . . . . . . . . . . . . . . . . . . . . . . Non-combat 3 | . . . 3 . . . . . . . . . . . . . . . . . . . . . . . . . . . Combat 1 | . . . 1 . . . . . . . . . . . . . . . . . . . . . . . . . . . Robot Hacks Applied 4 | . . . 4 . . . . . . . . . . . . . . . . . . . . . . . . . . . parse_system 4 | . . . 4 . . . . . . . . . . . . . . . . . . . . . . . . . . . Relay Couplers Released 5 | . . . . . . . . . . . . . . . . . . . . . . . . . . . . 1 . 4 Machine Destruction 5 | . . . . . . . . . . . . . . . . . . . . . . . . . . . . 1 . 4 Fabnet Peak Effective % . | . . . . . . . . . . . . . . . . . . . . . . . . . . . . . . . Robots Rewired 25 | . . . . . . . 2 . . . . . . . . . 21 . . . 1 . . . 1 . . . . . Allies Hacked 1 | . . . . . . . . . . . . . . . . . 1 . . . . . . . . . . . . . Hacks Repelled . | . . . . . . . . . . . . . . . . . . . . . . . . . . . . . . . Allies | -11 -10 -10 -10 -9 -8 -7 -7 -7 -7 -6 -6 -6 -6 -6 -5 -5 -5 -5 -5 -5 -4 -4 -4 -4 -3 -3 -3 -2 -2 -2 -------- Run | Yrd Mat Min Exi Min Mat Fac Low Low Zio Pro Fac Low Low Dat Pro Fac Ext Cet Arc Hub Fac Upp Upp War Pro Res Tes Res Qua Sec Total Allies 37 | . . 4 . . . . 2 . . . . . . . . . 28 . . . 1 . . . 1 . . . . 1 Largest Group 15 | . . 4 4 3 3 . 2 2 2 2 . . . . . . 15 5 1 . 1 . . . 1 1 1 . . 1 Highest-Rated Group 1204 | . . 71 71 40 40 . 40 40 40 40 . . . . . . 458 152 39 . 47 . . . 64 64 64 . . 1204 Highest-Rated Ally 1204 | . . 31 31 16 16 . 20 20 20 20 . . . . . . 159 39 39 . 47 . . . 64 64 64 . . 1204 Total Orders 7 | . . . . . . . . 5 . . . . . . . . . 2 . . . . . . . . . . . . STAY 3 | . . . . . . . . 2 . . . . . . . . . 1 . . . . . . . . . . . . FOLLOW 4 | . . . . . . . . 3 . . . . . . . . . 1 . . . . . . . . . . . . Ally Attacks 352 | . . 4 . 18 22 . . 1 . 13 . . . . . . 234 5 4 . 5 . . . 1 3 1 . . 41 Total Damage 9631 | . . 46 . 181 230 . . 26 . 174 . . . . . . 4476 82 98 . 44 . . . 52 108 58 . . 4056 Kills 60 | . . 1 . 4 2 . . 1 . 3 . . . . . . 36 . 1 . 1 . . . . . . . . 11 Allies Corrupted . | . . . . . . . . . . . . . . . . . . . . . . . . . . . . . . . Allies Melted 2 | . . . . . . . . . . . . . . . . . . . . . . . . 1 . . . 1 . . Intel | -11 -10 -10 -10 -9 -8 -7 -7 -7 -7 -6 -6 -6 -6 -6 -5 -5 -5 -5 -5 -5 -4 -4 -4 -4 -3 -3 -3 -2 -2 -2 ------- Run | Yrd Mat Min Exi Min Mat Fac Low Low Zio Pro Fac Low Low Dat Pro Fac Ext Cet Arc Hub Fac Upp Upp War Pro Res Tes Res Qua Sec Active Infowar (turns) 21638 | . . . . . . 676 1478 1478 1432 1197 3045 1373 1317 128 1397 687 . . . . . . 323 1128 93 . 1401 2101 1381 1003 Optics 14360 | . . . . . . 676 1478 1478 1432 1197 3045 1373 1317 128 1397 687 . . . . . . . . . . . . . 152 Sensors 17254 | . . . . . . 5 1397 1442 1432 1197 2461 1369 1317 128 772 . . . . . . . . . . . 1401 2101 1381 851 Seismic 1544 | . . . . . . . . . . . . . . . . . . . . . . . 323 1128 93 . . . . . Decoding 3048 | . . . . . . . . . . . 3044 4 . . . . . . . . . . . . . . . . . . Robot Analysis Total 4 | . 3 . . . . 1 . . . . . . . . . . . . . . . . . . . . . . . . Derelict Logs Recovered 15 | . . 1 . 2 . . 1 1 1 2 . 1 1 . 1 . . . . . . 2 2 . . . . . . . Drone Launches . | . . . . . . . . . . . . . . . . . . . . . . . . . . . . . . . Drone Recoveries . | . . . . . . . . . . . . . . . . . . . . . . . . . . . . . . . Decoded 0b10 Intel 49 | . . . . . . . . . . . 49 . . . . . . . . . . . . . . . . . . . Traps 47 | . . . . . . . . . . . 47 . . . . . . . . . . . . . . . . . . . Garrisons 2 | . . . . . . . . . . . 2 . . . . . . . . . . . . . . . . . . . Exploration | -11 -10 -10 -10 -9 -8 -7 -7 -7 -7 -6 -6 -6 -6 -6 -5 -5 -5 -5 -5 -5 -4 -4 -4 -4 -3 -3 -3 -2 -2 -2 ------------- Run | Yrd Mat Min Exi Min Mat Fac Low Low Zio Pro Fac Low Low Dat Pro Fac Ext Cet Arc Hub Fac Upp Upp War Pro Res Tes Res Qua Sec Turns Passed 35710 | . 1147 964 424 908 1598 2293 1478 1478 1432 1197 3045 1373 1317 128 1397 830 1680 651 175 96 1818 475 612 1128 246 822 1506 2101 1381 2010 Spaces Moved 18804 | 1 602 559 255 552 742 1237 871 863 891 711 1582 812 753 81 754 357 540 330 63 55 915 256 308 653 127 487 634 1254 649 910 Core 78 | . . . . . . . . . . . . . . . . . . . . . . . . . . . . . . 78 Treads 18369 | . 531 559 255 552 742 1237 871 863 891 711 1582 812 753 81 754 357 361 330 63 55 915 256 308 653 127 487 634 1254 649 726 Legs 337 | 1 71 . . . . . . . . . . . . . . . 179 . . . . . . . . . . . . 86 Wheels . | . . . . . . . . . . . . . . . . . . . . . . . . . . . . . . . Hover . | . . . . . . . . . . . . . . . . . . . . . . . . . . . . . . . Flight . | . . . . . . . . . . . . . . . . . . . . . . . . . . . . . . . Fastest Speed 50 | 120 120 160 160 160 160 158 160 160 160 160 160 160 160 160 160 160 160 160 160 160 160 160 160 160 160 160 160 155 155 50 Average Speed 163 | 120 155 160 160 160 160 160 160 160 160 160 160 160 160 160 170 181 220 166 160 160 161 160 160 160 160 160 172 157 179 154 Slowest Speed 540 | 120 240 160 160 160 240 237 160 160 160 160 160 160 160 160 240 240 540 240 160 160 240 160 160 160 160 240 240 160 238 320 Overloaded Moves . | . . . . . . . . . . . . . . . . . . . . . . . . . . . . . . . Propulsion Burnouts . | . . . . . . . . . . . . . . . . . . . . . . . . . . . . . . . Robots Hopped 3 | . . . . . . . . . . 2 . . . . . . . . . . . . . . . . . . 1 . Potential Cave-ins 15 | . . . . . . . . . . . 2 . . . . 3 . . . . . . . . . . . . . 10 Cave-ins Triggered 4 | . . . . . . . . . . . . . . . . 2 . . . . . . . . . . . . . 2 Teleports 4 | . . . . . . . . . . . . . . . . . . . . . . . . . . . . . . 4 Spacefolds 7 | . . . . . . . . . . . . . . . . . . . . . . . . . . . . . . 7 Exploration Rate (%) 63 | 2 96 99 64 95 74 49 96 97 86 84 50 96 88 74 88 14 78 63 76 8 31 45 48 86 28 14 70 42 63 60 Regions Visited 30 Branch Regions 22 Pre-discovered Areas 12 | . 2 2 . 1 1 . . . 1 1 . . . 1 1 . . . . . . 2 . . . . . . . . Known Exits Taken 17 | . . . . . . 1 1 1 1 1 1 1 1 1 1 1 . . . 1 1 . . . 1 1 1 . 1 . Unknown Exits Taken 13 | 1 1 1 1 1 1 . . . . . . . . . . . 1 1 1 . . 1 1 1 . . . 1 . . Scrap Searched 35 | . . 1 . 2 . . 5 2 2 3 . 3 8 . 2 . . . . . . 3 3 . 1 . . . . . Spaces Dug 119 | . . . . . . . . 4 . . 9 2 . . . 12 . . . . 2 . 14 . 51 1 13 . 6 5 Terrain Destroyed 1239 | . . 18 . . 59 2 85 27 . 2 51 4 8 . 56 87 34 9 9 1 58 4 34 112 127 4 63 88 105 192 Melee 9 | . . . . . . . . 2 . . . . . . . 7 . . . . . . . . . . . . . . Projectile 444 | . . . . . 57 2 1 25 . 2 43 4 8 . 15 17 34 9 9 1 17 4 11 . 4 4 63 21 28 65 AOE 786 | . . 18 . . 2 . 84 . . . 8 . . . 41 63 . . . . 41 . 23 112 123 . . 67 77 127 Terrain Rammed . | . . . . . . . . . . . . . . . . . . . . . . . . . . . . . . . Walls Destroyed . | . . . . . . . . . . . . . . . . . . . . . . . . . . . . . . . Machines Disabled . | . . . . . . . . . . . . . . . . . . . . . . . . . . . . . . . Actions | -11 -10 -10 -10 -9 -8 -7 -7 -7 -7 -6 -6 -6 -6 -6 -5 -5 -5 -5 -5 -5 -4 -4 -4 -4 -3 -3 -3 -2 -2 -2 --------- Run | Yrd Mat Min Exi Min Mat Fac Low Low Zio Pro Fac Low Low Dat Pro Fac Ext Cet Arc Hub Fac Upp Upp War Pro Res Tes Res Qua Sec Total 22174 | . 713 592 271 564 993 1427 923 916 899 738 1919 862 814 80 800 447 904 393 111 59 1197 322 422 710 148 518 888 1334 822 1388 Wait 925 | . 10 2 . 4 74 44 1 1 . . 187 13 17 . 1 8 13 7 25 . 89 36 62 4 . . 132 8 70 117 Move 18753 | . 601 558 254 551 741 1236 870 862 890 706 1581 811 752 80 753 355 539 329 62 55 914 255 307 652 126 486 633 1253 646 895 Hop 3 | . . . . . . . . . . 2 . . . . . . . . . . . . . . . . . . 1 . Pick Up 177 | . 17 4 4 1 24 19 1 1 3 2 13 6 4 . . 4 7 8 3 . 4 1 . 4 . 8 4 4 11 20 Fast Attach 185 | . 4 . 1 . 6 14 . 3 . . 4 1 3 . 2 7 16 7 2 . 11 2 3 6 1 5 12 12 8 55 Attach 135 | . 5 1 1 . 14 5 2 2 2 . 9 9 1 . 7 7 9 1 1 . 6 3 3 3 3 3 5 2 11 20 Detach 102 | . 2 . . . 5 8 2 3 2 . 3 2 3 . 1 6 10 3 1 . 3 3 3 4 1 3 7 3 8 16 Swap 130 | . 3 3 1 . 12 9 11 3 1 7 24 2 2 . 8 2 12 2 . 1 4 . 6 2 . . 2 7 3 3 Drop 213 | . 10 3 6 . 33 27 1 2 1 2 10 . 3 . . . 11 18 5 . 8 . 1 10 . 5 13 13 16 15 Fire 1222 | . 59 19 . 6 81 58 14 37 . 19 86 18 29 . 23 47 55 18 12 . 135 22 37 25 13 6 80 31 47 245 Melee 19 | . . . 4 . . . . 2 . . . . . . 5 8 . . . . . . . . . . . . . . Ram . | . . . . . . . . . . . . . . . . . . . . . . . . . . . . . . . Kick . | . . . . . . . . . . . . . . . . . . . . . . . . . . . . . . . Crush 28 | . 2 2 . 2 3 4 1 . . . 2 . . . . 2 2 . . . 5 . . . . 2 . 1 . . Escape Stasis 4 | . . . . . . . . . . . . . . . . 1 . . . . . . . . . . . . 1 2 Rewire 275 | . . . . . . 3 20 . . . . . . . . . 230 . . . 18 . . . 4 . . . . . Trap . | . . . . . . . . . . . . . . . . . . . . . . . . . . . . . . . Miscellaneous 3 | . . . . . . . . . . . . . . . . . . . . 3 . . . . . . . . . . Route ------- -11/Scrapyard -10/Materials (discovered 4 exits: [*Mat x3] / [*Min]) -10/Mines (discovered 4 exits: [*Mat x2] / [*Exi] / [*Sub]) -10/Exiles -9/Mines (discovered 2 exits: *Mat x2) -8/Materials (discovered 2 exits: *Fac x2) -7/Factory (discovered 2 exits: *Low x2) -7/Lower Caves -7/Lower Caves (discovered 2 exits: *Fac / *Zio) -7/Zion -6/Proximity Caves -6/Factory (discovered 3 exits: *Fac / *Low x2) -6/Lower Caves -6/Lower Caves (discovered 2 exits: *Fac / *Dat) -6/Data Miner -5/Proximity Caves -5/Factory (discovered 8 exits: *Fac x4 / Upp x2 / *Ext x2) -5/Extension (discovered 2 exits: *Fac / [*Cet]) -5/Cetus (discovered 3 exits: *Fac x2 / [*Arc]) -5/Archives (discovered 2 exits: *Fac / *Hub) -5/Hub_04(d) -4/Factory (discovered 7 exits: *Res x4 / *Upp x2 / Arm) -4/Upper Caves -4/Upper Caves -4/Warlord -3/Proximity Caves -3/Research (discovered 3 exits: *Res / *Tes x2) -3/Testing -2/Research (discovered 2 exits: *Acc / *Qua) -2/Quarantine (discovered 2 exits: *Sec / *Frg) -2/Section 7 History --------- Turn | Location | Event 1 | -11/Scrapyard | Discovered new exit (range 0) 1 | -11/Scrapyard | Entered Materials 250 | -10/Materials | Central database locked down 283 | -10/Materials | Discovered new exit (range 10) 318 | -10/Materials | Build established: Mutant 591 | -10/Materials | Discovered new exit (range 8) 724 | -10/Materials | Discovered new exit (range 15) 979 | -10/Materials | Discovered new exit (range 14) 1148 | -10/Materials | Entered Mines 1327 | -10/Mines | Discovered new exit (range 6) 1335 | -10/Mines | Discovered new exit (range 11) 1345 | -10/Mines | Received a Rocket Launcher from a helpful Derelict 1387 | -10/Mines | Escorted by a lone wolf Derelict 1407 | -10/Mines | Learned location of Storage (-9) 1429 | -10/Mines | Deemed a non-threat by the Exiles lab entrance 1429 | -10/Mines | Discovered new exit (range 5) 1570 | -10/Mines | Found a hidden stash of uninstalled traps 1674 | -10/Mines | Discovered new exit (range 8) 1807 | -10/Mines | Learned location of Zion (-7) 1828 | -10/Mines | Assisted by bots powering up and referring to "LRC-V3" 2112 | -10/Mines | Entered Exiles 2112 | -10/Exiles | Accompanied by 4 allies 2175 | -10/Exiles | Met 8R-AWN 2202 | -10/Exiles | Met EX-HEX 2246 | -10/Exiles | Met EX-BIN 2357 | -10/Exiles | Met EX-DEC 2515 | -10/Exiles | Discovered new exit (range 14) 2536 | -10/Exiles | Entered Mines 2536 | -9/Mines | Accompanied by 3 allies 2672 | -9/Mines | Learned Materials garrison access intel 2693 | -9/Mines | Found a Scrap Suit stashed away for nefarious purposes 2846 | -9/Mines | Found a damaged Exp. Sensor Array with a note attached 2851 | -9/Mines | Found Prototype Device 2939 | -9/Mines | Discovered new exit (range 7) 3119 | -9/Mines | Discovered new exit (range 8) 3444 | -9/Mines | Entered Materials 3444 | -8/Materials | Accompanied by 3 allies 3444 | -8/Materials | Evolved 4 slots: Propulsion x1, Utility x2, Weapon x1 3445 | -8/Materials | Loaded intel: 1 garrison access location 3740 | -8/Materials | Build established: Tank 4117 | -8/Materials | Discovered new exit (range 10) 4485 | -8/Materials | Repaired Lgt. Treads 4543 | -8/Materials | Garrison activated, responded to threat 5018 | -8/Materials | Discovered new exit (range 15) 5042 | -8/Materials | Entered Factory 5042 | -7/Factory | Evolved 2 slots: Utility x2 5406 | -7/Factory | Build established: Gunner 5907 | -7/Factory | Identified exit to Lower Caves 6974 | -7/Factory | Cargo convoy interrupted 7243 | -7/Factory | Found Prototype Launcher 7265 | -7/Factory | Found Prototype Launcher 7295 | -7/Factory | Found Prototype Launcher 7295 | -7/Factory | Identified Scatter Rocket Array (x3) 7297 | -7/Factory | Identified Exp. Sensor Array 7321 | -7/Factory | Found PL-3XN's Ring of Power 7335 | -7/Factory | Entered Lower Caves 7424 | -7/Lower Caves | Attracted the attention of an 0b10 outpost 7480 | -7/Lower Caves | Destroyed 11 combat bots 7869 | -7/Lower Caves | Build established: Skirmisher 8366 | -7/Lower Caves | Encountered a Warlord checkpoint 8466 | -7/Lower Caves | Discovered new exit (range 6) 8482 | -7/Lower Caves | Identified exit to Lower Caves 8521 | -7/Lower Caves | Learned Factory stockpile data 8813 | -7/Lower Caves | Entered another Lower Caves area 8813 | -7/Lower Caves | Accompanied by 2 allies 8842 | -7/Lower Caves | Found Alien Artifact 8842 | -7/Lower Caves | Identified Dimensional Node Initializer 8842 | -7/Lower Caves | Initialized slip node 8893 | -7/Lower Caves | Discovered new exit (range 11) 9059 | -7/Lower Caves | Identified exit to Factory 9304 | -7/Lower Caves | Identified exit to Zion 10248 | -7/Lower Caves | Encountered a Warlord checkpoint 10291 | -7/Lower Caves | Entered Zion 10291 | -7/Zion | Accompanied by 2 allies 10350 | -7/Zion | System corruption cleaned by Quarantine Array 10374 | -7/Zion | Learned Factory emergency access door positions 10387 | -7/Zion | Discovered new exit (range 14) 10621 | -7/Zion | Found CR-A16's Pointy Stick 10639 | -7/Zion | Received a visual enhancement algorithm 10875 | -7/Zion | Visited the Megawrench Repair Shop 10878 | -7/Zion | Megawrench repaired 8 parts 10947 | -7/Zion | Learned location of Warlord (-4) 11195 | -7/Zion | Found Prototype Device 11722 | -7/Zion | Identified exit to Proximity Caves 11723 | -7/Zion | Entered Proximity Caves 11723 | -6/Proximity Caves | Accompanied by 2 allies 12920 | -6/Proximity Caves | Entered Factory 12920 | -6/Factory | Evolved 2 slots: Power x1, Utility x1 14103 | -6/Factory | Identified Mobile Refinery Mk. CCLXVII 14268 | -6/Factory | Discovered new exit (range 20) 15647 | -6/Factory | Lost 5 parts (2p1n1u1w) 15720 | -6/Factory | First assault squad dispatched 15739 | -6/Factory | Destroyed 7 combat bots 15828 | -6/Factory | Identified exit to Lower Caves 15929 | -6/Factory | Spotted B-75 Beast 15965 | -6/Factory | Entered Lower Caves 15988 | -6/Lower Caves | Lost 5 parts (1p1n2u1w) 16009 | -6/Lower Caves | Found DCF Scrap (10 items) 16032 | -6/Lower Caves | Encountered a Warlord checkpoint 16245 | -6/Lower Caves | Learned 8 Factory zone layouts 17203 | -6/Lower Caves | Found Alien Artifact 17203 | -6/Lower Caves | Identified Core Expander 17203 | -6/Lower Caves | Installed Core Expander, added new Utility slot 17292 | -6/Lower Caves | Discovered new exit (range 7) 17300 | -6/Lower Caves | Identified exit to Lower Caves 17338 | -6/Lower Caves | Entered another Lower Caves area 17377 | -6/Lower Caves | Discovered new exit (range 5) 17382 | -6/Lower Caves | Identified exit to Factory 17676 | -6/Lower Caves | Learned Factory terminal intel 17682 | -6/Lower Caves | Encountered a Warlord checkpoint 18095 | -6/Lower Caves | Discovered new exit (range 18) 18654 | -6/Lower Caves | Identified exit to Data Miner 18655 | -6/Lower Caves | Entered Data Miner 18655 | -6/Data Miner | Discovered new exit (range 6) 18676 | -6/Data Miner | Met Data Miner 18735 | -6/Data Miner | Learned location of Section 7 (-2) 18735 | -6/Data Miner | Acquired the access code to Warlord's prototype stash 18747 | -6/Data Miner | Received God Mode back door access code from Data Miner 18782 | -6/Data Miner | Identified exit to Proximity Caves 18783 | -6/Data Miner | Entered Proximity Caves 19011 | -5/Proximity Caves | Spotter reported a threat 19064 | -5/Proximity Caves | Spotter reported a threat 19607 | -5/Proximity Caves | Destroyed 9 combat bots 19619 | -5/Proximity Caves | Attracted the attention of an 0b10 checkpoint 19870 | -5/Proximity Caves | Spotted B-75 Beast 19925 | -5/Proximity Caves | Revealed the true nature of CR-A16's Pointy Stick 19928 | -5/Proximity Caves | Destroyed B-75 Beast 19959 | -5/Proximity Caves | Lost 5 parts (1p2n2w) 20008 | -5/Proximity Caves | Discovered exit to Factory (range 11) 20180 | -5/Proximity Caves | Entered Factory 20180 | -5/Factory | Evolved 2 slots: Propulsion x1, Weapon x1 20182 | -5/Factory | Loaded intel: 28 terminal locations 20235 | -5/Factory | Build established: Scavenger-Gunner 20346 | -5/Factory | Lost 3 parts (1n1u1w) 20480 | -5/Factory | First assault squad dispatched 20498 | -5/Factory | Incoming assault squad redirected 20640 | -5/Factory | Identified exit to Factory 20727 | -5/Factory | Garrison activated, responded to threat 20777 | -5/Factory | Identified exit to Upper Caves 20777 | -5/Factory | Identified exit to Extension 20861 | -5/Factory | Crushed by falling debris 20861 | -5/Factory | System corruption reached 10% 20867 | -5/Factory | Crushed by falling debris 20898 | -5/Factory | Lost 6 parts (5u1w) 21010 | -5/Factory | Entered Extension 21027 | -5/Extension | Disrupted transfer network 21202 | -5/Extension | Rescued a captive Derelict 21203 | -5/Extension | Rescued a captive Derelict 21340 | -5/Extension | Rescued a captive Derelict 21375 | -5/Extension | Rescued A7 21668 | -5/Extension | Lost 5 allies 21715 | -5/Extension | P-70 Sage assimilated allied ZL-W5H(g) 21809 | -5/Extension | Spotted B-75 Beast 21840 | -5/Extension | Allies destroyed B-75 Beast 21845 | -5/Extension | Spotted B-75 Beast 21860 | -5/Extension | Allies destroyed B-75 Beast 21985 | -5/Extension | Extracted ID and sensor layout for unrecognized location from A7's data core 22153 | -5/Extension | Rescued a captive Derelict 22154 | -5/Extension | Rescued a captive Derelict 22210 | -5/Extension | First assault squad dispatched 22286 | -5/Extension | Energy Cycler disabled 22287 | -5/Extension | Rescued a captive Derelict 22560 | -5/Extension | Discovered exit to Factory (range 10) 22562 | -5/Extension | Discovered new exit (range 6) 22676 | -5/Extension | Lost 9 allies 22690 | -5/Extension | Entered Cetus 22690 | -5/Cetus | Accompanied by 5 allies 22721 | -5/Cetus | Spotted Cetus Guard 22721 | -5/Cetus | Spotted Cetus Guard 22724 | -5/Cetus | Spotted Cetus Guard 22727 | -5/Cetus | Destroyed Cetus Guard 22734 | -5/Cetus | Destroyed Cetus Guard 22734 | -5/Cetus | Spotted Cetus Guard 22741 | -5/Cetus | Destroyed Cetus Guard 22748 | -5/Cetus | Destroyed Cetus Guard 22766 | -5/Cetus | Lost 4 allies 22881 | -5/Cetus | Discovered new exit (range 16) 22910 | -5/Cetus | Spotted Cetus Guard 22910 | -5/Cetus | Spotted Cetus Guard 22914 | -5/Cetus | Destroyed Cetus Guard 22914 | -5/Cetus | Spotted Cetus Guard 22920 | -5/Cetus | Spotted Cetus Guard 22921 | -5/Cetus | Destroyed Cetus Guard 22931 | -5/Cetus | Destroyed Cetus Guard 22942 | -5/Cetus | Destroyed Cetus Guard 22962 | -5/Cetus | Discovered exit to Factory (range 15) 22970 | -5/Cetus | Met Revision 17 23090 | -5/Cetus | Build established: Scavenger-Tank 23167 | -5/Cetus | Discovered exit to Factory (range 15) 23341 | -5/Cetus | Entered Archives 23341 | -5/Archives | Accompanied by 1 ally 23455 | -5/Archives | Discovered exit to Factory (range 15) 23494 | -5/Archives | Discovered new exit (range 15) 23516 | -5/Archives | Entered Hub_04(d) 23516 | -5/Hub_04(d) | Discovered exit to Factory (range 11) 23570 | -5/Hub_04(d) | Network Hub disabled 23585 | -5/Hub_04(d) | Spotted Lightning 23585 | -5/Hub_04(d) | Spotted Lightning 23585 | -5/Hub_04(d) | Spotted Lightning 23605 | -5/Hub_04(d) | Spotted Lightning 23609 | -5/Hub_04(d) | Spotted Lightning 23609 | -5/Hub_04(d) | Spotted Lightning 23611 | -5/Hub_04(d) | Core integrity fell below 50% 23612 | -5/Hub_04(d) | Entered Factory 23612 | -4/Factory | Evolved 2 slots: Utility x2 23676 | -4/Factory | Spotted B-86 Titan 23723 | -4/Factory | Destroyed B-86 Titan 23740 | -4/Factory | Found Hvy. Reflective Plating 24059 | -4/Factory | Found Unknown Device 24059 | -4/Factory | Identified Quantum Capacitor 24791 | -4/Factory | Identified exit to Research 25048 | -4/Factory | Identified exit to Upper Caves 25048 | -4/Factory | Identified exit to Armory 25410 | -4/Factory | Lost 3 parts (1p2u) 25430 | -4/Factory | Entered Upper Caves 25491 | -4/Upper Caves | Attracted the attention of an 0b10 checkpoint 25820 | -4/Upper Caves | Learned location of Testing (-3) 25892 | -4/Upper Caves | Discovered new exit (range 10) 25905 | -4/Upper Caves | Entered another Upper Caves area 26073 | -4/Upper Caves | Spotted B-86 Titan 26090 | -4/Upper Caves | Build established: Scavenger-Gunner 26209 | -4/Upper Caves | Learned Research terminal intel 26290 | -4/Upper Caves | Encountered a Warlord checkpoint 26353 | -4/Upper Caves | Learned location of 1 exit from Research 26458 | -4/Upper Caves | Entered an active Warlord outpost 26510 | -4/Upper Caves | Discovered new exit (range 3) 26517 | -4/Upper Caves | Entered Warlord 26756 | -4/Warlord | Received a Watcher feed algorithm from an ecstatic Tinkerer 26804 | -4/Warlord | Met Warlord 26829 | -4/Warlord | Warlord's base attacked by MAIN.C 26951 | -4/Warlord | Found Prototype Energy Cannon 26954 | -4/Warlord | Found Prototype Energy Cannon 26957 | -4/Warlord | Found Prototype Launcher 27179 | -4/Warlord | Warlord forces counterattacked 27373 | -4/Warlord | Opened Warlord's prototype stash 27379 | -4/Warlord | Found Prototype Reactor 27379 | -4/Warlord | Identified Vortex Chain Reactor 27396 | -4/Warlord | Found Prototype Processor 27396 | -4/Warlord | Identified Exp. Armor Integrity Analyzer 27417 | -4/Warlord | Found Prototype Hackware 27466 | -4/Warlord | Spotted B-90 Cyclops 27476 | -4/Warlord | Spotted B-86 Titan 27486 | -4/Warlord | Destroyed B-90 Cyclops 27491 | -4/Warlord | Destroyed B-86 Titan 27504 | -4/Warlord | Warlord base infiltrated, sounded retreat 27547 | -4/Warlord | Spotted Striker 27549 | -4/Warlord | Destroyed Striker 27613 | -4/Warlord | Discovered new exit (range 14) 27645 | -4/Warlord | Entered Proximity Caves 27674 | -3/Proximity Caves | Attracted the attention of an 0b10 outpost 27856 | -3/Proximity Caves | Discovered exit to Research (range 7) 27891 | -3/Proximity Caves | Entered Research 27891 | -3/Research | Accompanied by 1 ally 27891 | -3/Research | Evolved 2 slots: Power x1, Utility x1 27892 | -3/Research | Identified exit to Testing 27893 | -3/Research | Loaded intel: 22 terminal locations 27905 | -3/Research | Identified System Mapper 28091 | -3/Research | Revision forces began assault on 0b10 28118 | -3/Research | Met up with Revision 17++ 28359 | -3/Research | Discovered new exit (range 7) 28591 | -3/Research | Research terminal network offline 28632 | -3/Research | Lost 3 allies 28713 | -3/Research | Entered Testing 28713 | -3/Testing | Accompanied by 1 ally 28817 | -3/Testing | Found Prototype Energy Cannon 28817 | -3/Testing | Identified Null Cannon 28864 | -3/Testing | Scanned by Researcher 29212 | -3/Testing | Build established: Hacker-Gunner 29506 | -3/Testing | Found Prototype Energy Gun 29506 | -3/Testing | Identified Warp Gun 29562 | -3/Testing | Identified exit to Research 29620 | -3/Testing | Found Prototype Device 29620 | -3/Testing | Identified 2N-1CE's Frost Array 29650 | -3/Testing | Found Prototype Launcher 29650 | -3/Testing | Identified Hellfire Missile Launcher 30091 | -3/Testing | Destroyed 10 combat bots 30109 | -3/Testing | Found Prototype Ballistic Cannon 30179 | -3/Testing | Found Prototype Energy Cannon 30179 | -3/Testing | Identified Cld. Nova Cannon 30219 | -3/Testing | Entered Research 30219 | -2/Research | Warlord forces began assault on 0b10 30219 | -2/Research | Evolved 2 slots: Propulsion x1, Utility x1 30329 | -2/Research | Research machine network offline 30428 | -2/Research | Found Prototype Device 30428 | -2/Research | Identified Thermal Barrier 30625 | -2/Research | Spotted Executioner 30628 | -2/Research | Spotted Striker 30636 | -2/Research | Destroyed Executioner 30638 | -2/Research | Destroyed Striker 30698 | -2/Research | Discovered new exit (range 15) 30705 | -2/Research | Build established: Hacker-Tank 30716 | -2/Research | Identified exit to Access 30761 | -2/Research | Borebot progress halted 30766 | -2/Research | Warlord destroyed during the assault 30774 | -2/Research | Found Gamma Bomb Array 30794 | -2/Research | Spotted Striker 30797 | -2/Research | Spotted Striker 30805 | -2/Research | Destroyed Striker 30807 | -2/Research | Destroyed Striker 30909 | -2/Research | Borebot progress halted 31914 | -2/Research | Borebot progress halted 32240 | -2/Research | Found Exp. Core Analyzer 32299 | -2/Research | Discovered new exit (range 13) 32320 | -2/Research | Entered Quarantine 32356 | -2/Quarantine | Found Alien Artifact 32356 | -2/Quarantine | Identified Phase Armor 32540 | -2/Quarantine | Build established: Hacker-Gunner 32678 | -2/Quarantine | Found Alien Artifact 32678 | -2/Quarantine | Identified Core Reset Matrix 32678 | -2/Quarantine | Used Core Reset Matrix 32682 | -2/Quarantine | Detected hypermatrix surge 32682 | -2/Quarantine | Sensed 14 artifacts in vicinity 32756 | -2/Quarantine | Met incapacitated Sigix Warrior 32756 | -2/Quarantine | Lockdown squad dispatched 32768 | -2/Quarantine | Found Sigix Containment Pod 32833 | -2/Quarantine | Identified Vortex Cannon (x2) 32983 | -2/Quarantine | Found Hpw. Transdimensional Reconstructor 33010 | -2/Quarantine | Build established: Alien-Gunner 33027 | -2/Quarantine | Found Transdimensional Reconstructor 33030 | -2/Quarantine | Found Transdimensional Reconstructor 33034 | -2/Quarantine | Found Transdimensional Reconstructor 33048 | -2/Quarantine | Found Dimensional Node Initializer 33099 | -2/Quarantine | Spotted Lightning 33106 | -2/Quarantine | Spotted Lightning 33107 | -2/Quarantine | Spotted Lightning 33113 | -2/Quarantine | System corruption reached 10% 33113 | -2/Quarantine | Identified Vortex Catalyst Activator 33116 | -2/Quarantine | Destroyed Lightning 33117 | -2/Quarantine | Destroyed Lightning 33121 | -2/Quarantine | Destroyed Lightning 33147 | -2/Quarantine | Destroyed 8 combat bots 33210 | -2/Quarantine | Found Subatomic Replicator 33213 | -2/Quarantine | Used Subatomic Replicator to replicate Null Cannon 33485 | -2/Quarantine | Spotted Fortress 33500 | -2/Quarantine | Destroyed Fortress 33672 | -2/Quarantine | Discovered new exit (range 6) 33672 | -2/Quarantine | Discovered new exit (range 7) 33682 | -2/Quarantine | Identified exit to Section 7 33689 | -2/Quarantine | Identified exit to Protoforge 33701 | -2/Quarantine | Entered Section 7 33702 | -2/Section 7 | Detected hypermatrix surge 33702 | -2/Section 7 | Sensed 24 artifacts in vicinity 33720 | -2/Section 7 | Found Spacefold Activator 33750 | -2/Section 7 | Incoming investigation squad redirected 33809 | -2/Section 7 | Spotted B-90 Cyclops 33821 | -2/Section 7 | Warped through subspace 33874 | -2/Section 7 | Found Unknown Device 33874 | -2/Section 7 | Identified Quantum Capacitor 34091 | -2/Section 7 | Destroyed 13 combat bots 34118 | -2/Section 7 | Found Integrated Dissipator 34118 | -2/Section 7 | Installed Integrated Dissipator, increased core heat dissipation (+20) 34142 | -2/Section 7 | Build established: Alien-Mutant 34143 | -2/Section 7 | Found Prototype Launcher 34143 | -2/Section 7 | Identified Gui. Micro-nuke Launcher 34201 | -2/Section 7 | Core integrity fell below 50% 34201 | -2/Section 7 | Spotted Alpha 7 34202 | -2/Section 7 | Warped through subspace 34223 | -2/Section 7 | Warped through subspace 34441 | -2/Section 7 | Found Prototype Device 34441 | -2/Section 7 | Identified Exp. Thermal Shield 34461 | -2/Section 7 | Core integrity fell below 20% 34530 | -2/Section 7 | Spotted S7 Guard 34544 | -2/Section 7 | Found Core Membrane 34544 | -2/Section 7 | Installed Core Membrane, gained immunity to corruption 34567 | -2/Section 7 | Destroyed S7 Guard 34598 | -2/Section 7 | Lost 3 parts (2n1u) 34626 | -2/Section 7 | Found Integrated Reactor 34626 | -2/Section 7 | Installed Integrated Reactor, increased core energy generation (+10) 34645 | -2/Section 7 | Spotted S7 Guard 34652 | -2/Section 7 | Destroyed S7 Guard 34673 | -2/Section 7 | Found Prototype Protection 34673 | -2/Section 7 | Identified Hvy. Regenerative Plating 34799 | -2/Section 7 | Found Core Regenerator 34799 | -2/Section 7 | Used Core Regenerator, restored core integrity (+362) 34887 | -2/Section 7 | Found Corrupted Prototype Processor 34887 | -2/Section 7 | Identified Exp. Signal Interpreter 34925 | -2/Section 7 | Spotted Alpha 7 34934 | -2/Section 7 | Spotted S7 Guard 34946 | -2/Section 7 | Warped through subspace 34951 | -2/Section 7 | First assault squad dispatched 34982 | -2/Section 7 | Lost 4 parts (1n2u1w) 34989 | -2/Section 7 | Destroyed 12 combat bots 35186 | -2/Section 7 | Crushed by falling debris 35196 | -2/Section 7 | Found Integrated Dissipator 35196 | -2/Section 7 | Installed Integrated Dissipator, increased core heat dissipation (+20) 35199 | -2/Section 7 | Found Integrated Dissipator 35199 | -2/Section 7 | Installed Integrated Dissipator, increased core heat dissipation (+20) 35217 | -2/Section 7 | Lost 3 parts (1p2u) 35257 | -2/Section 7 | Found LRC Inertial Stabilizer 35257 | -2/Section 7 | Installed LRC Inertial Stabilizer, increased mass support (+10) 35267 | -2/Section 7 | Found LRC Energy Well 35267 | -2/Section 7 | Installed LRC Energy Well, increased energy storage capacity (+250) 35370 | -2/Section 7 | Found Core Reset Matrix 35373 | -2/Section 7 | Sensed 15 artifacts in vicinity 35438 | -2/Section 7 | Spotted B-99 Colossus 35463 | -2/Section 7 | Scanned by Researcher 35481 | -2/Section 7 | Initialized slip node 35489 | -2/Section 7 | Crushed by falling debris 35494 | -2/Section 7 | Released all parts (14) 35514 | -2/Section 7 | Lost 3 parts (1p1u1w) 35520 | -2/Section 7 | Activated Sigix Exoskeleton 35520 | -2/Section 7 | Received instructions from Sigix Warrior 35526 | -2/Section 7 | Spotted Executioner 35526 | -2/Section 7 | Spotted Executioner 35551 | -2/Section 7 | Allies destroyed Executioner 35557 | -2/Section 7 | Found Exp. Core Analyzer 35564 | -2/Section 7 | Found Prototype Device 35564 | -2/Section 7 | Identified Adv. Kinecellerator 35572 | -2/Section 7 | Found Exp. Core Analyzer 35581 | -2/Section 7 | Found Exp. Core Analyzer 35584 | -2/Section 7 | Found Adv. Kinecellerator 35611 | -2/Section 7 | Spotted Striker 35616 | -2/Section 7 | Spotted Striker 35619 | -2/Section 7 | Allies destroyed Striker 35625 | -2/Section 7 | Destroyed Striker 35671 | -2/Section 7 | Sigix Exoskeleton integrity reduced to 80% 35711 | -2/Section 7 | Destroyed by G-73 Enforcer with Heavy Laser Last Messages --------------- 35688_ Quantum Shear penetrates E-15 Imp. 35688_ Quantum Shear penetrates L2 Fabricator. 35692_ Quantum Shear penetrates L-61 Swordsman. 35692_ L-61 Swordsman Unknown Leg severed. 35692_ Slug penetrates L2 Monitoring Station. 35692_ L2 Monitoring Station destroyed. 35692_ Slug penetrates L2 Monitoring Station. 35692_ L-61 Swordsman destroyed. 35700_ Quantum Shear penetrates G-73 Enforcer. 35701_ Slug penetrates G-73 Enforcer. 35701_ G-73 Enforcer destroyed. 35703_ Synergy achieved. Target locked: G-73 Enforcer. 35703_ Quantum Shear penetrates G-73 Enforcer. 35704_ Slug penetrates G-73 Enforcer. 35705_ Quantum Shear penetrates G-73 Enforcer. 35705_ G-73 Enforcer destroyed. 35707_ Slug penetrates G-73 Enforcer. 35709_ Quantum Shear penetrates G-73 Enforcer. 35709_ G-73 Enforcer destroyed. 35711_ Adv. Kinecellerator destroyed. Map ----- +----------------------------------------------------+ | | | | | | | | | | | | | | | | | | | | | | | | | | | ?????????????????????????????????????????????????? | | ?????????????????????????????????????????????????? | | ?????????????????????????????????????????????????? | | ?????????????????????????????????????????????????? | | ?????????????????????????????????????????????????? | | ?????????????????????????????????????????????????? | | ?????????????????????????????????????????????????? | | ???????????????????????????####################### | | ??????!?????????!?????]????#"""""""""" """" | | ??????!!????????!?????????*#"" " " " """ | | ????????????????!??????????# """""" | | ??????? ########"""#### "" | | ???? T @ """ | | ???? =%[ "" | | ???? !%* """ | | ???? X" """""""! """ | | ???? " " " | | ????? """" g"""" " | | ????? ??????" gg | | ??????????????" =ggb= | | ??????????????" [=[%! ! | | ??????????????" ! m %= | | ????????????? / | | ??????????? | | ?????????? """"""""""""" | | ????????? ???????????" | | ????????? ????????????" | | ????????? " ??????????? | | ????????? """ ??????????? | | ?????????? ?? ?????????? " | | ????????????? ??????????? " | | ??????????????" ???????????? """" "" | | ??????????????????????????????""""""" "???" | | ????????????????????????????????????" ????"" | | ??????????????????????????????????""" "???" | | ??????????????????????????????????" """" | | ???????????????????????????????????"" | +----------------------------------------------------+ Best States ------------- Heat Dissipation 173 Coolant Potential 65 Energy Generation 124 Energy Capacity 1450 Matter Stores 300 Matter Capacity 300 Sight Range 23 Robot Scan Range 20 Terrain Scan Density 10 Power Amplification 70 Base Temperature (-) 200 EM Shielding 4 Armor Coverage 1650 Resistance: TH 50 Core Shielding 30 Propulsion Shielding 66 Utility Shielding 66 Weapon Cycling 25 Phase Shifting 15 Evasion (%) 55 Targeting Accuracy 16 Launcher Accuracy 50 Target Analysis 8 Core Analysis 12 Armor Integrity Analysis 50 Recoil Reduction 5 Matter Filtering 50 Energy Filtering 30 Particle Charging 25 Kinecelleration 50 Offensive Hacking 24 Item Schematics ----------------- None Robot Schematics ------------------ None Fabricated ------------ Nothing Repaired ---------- Lgt. Treads | 32% | -8/Materials Alien Tech Used ----------------- Dimensional Node Initializer Core Expander Phase Armor Core Reset Matrix Subatomic Replicator Transdimensional Reconstructor Integrated Dissipator High-powered Transdimensional Reconstructor Core Membrane Integrated Reactor Core Regenerator Spacefold Activator LRC Inertial Stabilizer LRC Energy Well Achievements -------------- Everyone Must Die Signature Confirmed Challenges ------------ None Game ------ Seed BoltModifiedDiverter Manual? 0 Play Time 04:34:25 Cumulative 349.1 hours Start 2025.06.21 @ 08:27:29 End 2025.06.21 @ 13:44:16 Sessions 1 Manual Loads 0 Difficulty Rogue Special Mode None Game No. 240 Rogue 240 Adventurer 0 Explorer 0 Win Type - Total 27 Types 21/0/4/2/0/0/0/0/0/0 Lore% 89 Gallery% 77 Achievement% 67 Wizard Run 0 Options --------- Layout 0 ASCII 1 Keyboard 1 Movement Arrows Keybinds 0 Fullscreen 2 Font 18/Terminus Map View 76x50 Zoom Use 0% Tactical HUD 1 Map Filters NONE Filters NONE Steam 1 RUN: 3e1efda9-ca5d-47d3-8adb-43292dcbddc2